Workbook

Sheet Ресурсный расчёт
A1: =Source!B1 -> Smeta.RU (495) 974-1589
A3: РЕСУРСНЫЙ СМЕТНЫЙ РАСЧЁТ
A5: Объект: | B5: =Source!F12 -> Новый объект
A7: Полное наименование: | C7: =Source!G12 -> 02-02 Детский БЛ санаторий №15
A9: Строительный объём объекта | C9: =Source!I12 -> 0
A11: Составлен в ценах на
A13: Обоснование | B13: Наименование ресурсов, затрат | C13: Единица измерения | D13: Расход ресурса | E13: Базовая | G13: Сметная - с учётом индекса
E14: цена | F14: стоимость | G14: цена | H14: стоимость
A15: 1 | B15: 2 | C15: 3 | D15: 4 | E15: 5 | F15: 6 | G15: 7 | H15: 8
A16: =IF(Source!C12="1", Source!F18, Source!G18) -> Выполнение комплекса ремонтных работ в учреждениях Департамента здравоохранения города Москвы в рамках реализации Государственной программы города Москвы «Социальная поддержка жителей города Москвы» (лот 2) в ГБУЗ «Детский бронхолегочный санаторий №15 Департамента здравоохранения города Москвы» по адресу: г. Москва, ул. Академика Капицы, д. 11 | Y16: =IF(Source!C12="1", Source!F18, Source!G18) -> Выполнение комплекса ремонтных работ в учреждениях Департамента здравоохранения города Москвы в рамках реализации Государственной программы города Москвы «Социальная поддержка жителей города Москвы» (лот 2) в ГБУЗ «Детский бронхолегочный санаторий №15 Департамента здравоохранения города Москвы» по адресу: г. Москва, ул. Академика Капицы, д. 11
A17: =IF(Source!C12="1", Source!F20, Source!G20) -> Полы
A18: =IF(Source!C12="1", Source!F22, Source!G22) -> Внутренние работы
A19: Материалы
A20: =Source!F24 -> 1.1-1-118 | B20: =Source!G24 -> Вода | C20: =Source!H24 -> м3 | D20: =Source!I24 -> 0.184227 | E20: =Source!J24 -> 0 | F20: =Source!K24 -> 0 | G20: =Source!V24 -> 7.07 | H20: =Source!W24 -> 1.3 | AB20: =Source!K24 -> 0 | AC20: =Source!W24 -> 1.3
A21: =Source!F25 -> 1.1-1-2398 | B21: =Source!G25 -> Плитки керамические, типа керамогранит, неполированные, размер 30х30 см, толщина 8 мм, цвет: светло-серый, серый, светло-зеленый, бежевый | C21: =Source!H25 -> м2 | D21: =Source!I25 -> 5.9262 | E21: =Source!J25 -> 0 | F21: =Source!K25 -> 0 | G21: =Source!V25 -> 92.02 | H21: =Source!W25 -> 545.33 | AB21: =Source!K25 -> 0 | AC21: =Source!W25 -> 545.33
A22: =Source!F26 -> 1.1-1-2480 | B22: =Source!G26 -> Грунтовка на основе полимерной дисперсии, концентрированная, паропроницаемая, с желтым пигментом, для впитывающих оснований | C22: =Source!H26 -> т | D22: =Source!I26 -> 0.000505 | E22: =Source!J26 -> 0 | F22: =Source!K26 -> 0 | G22: =Source!V26 -> 69883.65 | H22: =Source!W26 -> 35.29 | AB22: =Source!K26 -> 0 | AC22: =Source!W26 -> 35.29
A23: =Source!F27 -> 1.3-2-138 | B23: =Source!G27 -> Смеси сухие для заполнения швов между плитками, цветные | C23: =Source!H27 -> т | D23: =Source!I27 -> 0.000759 | E23: =Source!J27 -> 0 | F23: =Source!K27 -> 0 | G23: =Source!V27 -> 27362.67 | H23: =Source!W27 -> 20.77 | AB23: =Source!K27 -> 0 | AC23: =Source!W27 -> 20.77
A24: =Source!F28 -> 1.3-2-166 | B24: =Source!G28 -> Смеси сухие клеевые, для внутренних работ, для укладки напольной и настенной плитки из керамики | C24: =Source!H28 -> т | D24: =Source!I28 -> 0.023735 | E24: =Source!J28 -> 0 | F24: =Source!K28 -> 0 | G24: =Source!V28 -> 2948.66 | H24: =Source!W28 -> 69.99 | AB24: =Source!K28 -> 0 | AC24: =Source!W28 -> 69.99
A25: =Source!F29 -> 1.3-2-168 | B25: =Source!G29 -> Смеси сухие клеевые, высокоадгезионные, высокоэластичные, для внутренних и наружных работ, для укладки напольной, настенной и потолочной плитки из керамики, мозаики, натурального камня и керамогранита | C25: =Source!H29 -> т | D25: =Source!I29 -> 0.003268 | E25: =Source!J29 -> 0 | F25: =Source!K29 -> 0 | G25: =Source!V29 -> 6529.05 | H25: =Source!W29 -> 21.34 | AB25: =Source!K29 -> 0 | AC25: =Source!W29 -> 21.34
A26: =Source!F30 -> 1.3-2-6 | B26: =Source!G30 -> Растворы цементные, марка 150 | C26: =Source!H30 -> м3 | D26: =Source!I30 -> 0.15453 | E26: =Source!J30 -> 0 | F26: =Source!K30 -> 0 | G26: =Source!V30 -> 478.96 | H26: =Source!W30 -> 74.01 | AB26: =Source!K30 -> 0 | AC26: =Source!W30 -> 74.01
A27: =Source!F31 -> 9999990001 | B27: =Source!G31 -> Масса мусора | C27: =Source!H31 -> т | D27: =Source!I31 -> 0.5959 | E27: =Source!J31 -> 0 | F27: =Source!K31 -> 0 | G27: =Source!V31 -> 0 | H27: =Source!W31 -> 0 | AB27: =Source!K31 -> 0 | AC27: =Source!W31 -> 0
A28: Итого: | E28: =SUM(AB20:AB27) -> 0 | G28: =SUM(AC20:AC27) -> 768.03
A29: =IF(Source!C12="1", Source!F33, Source!G33) -> Наружные работы
A30: Материалы
A31: =Source!F35 -> 1.1-1-118 | B31: =Source!G35 -> Вода | C31: =Source!H35 -> м3 | D31: =Source!I35 -> 2.134055 | E31: =Source!J35 -> 0 | F31: =Source!K35 -> 0 | G31: =Source!V35 -> 7.07 | H31: =Source!W35 -> 15.09 | AB31: =Source!K35 -> 0 | AC31: =Source!W35 -> 15.09
A32: =Source!F36 -> 1.1-1-1535 | B32: =Source!G36 -> Щебень из естественного камня для строительных работ, марка 1400, фракция 20-40 мм | C32: =Source!H36 -> м3 | D32: =Source!I36 -> 0.44154 | E32: =Source!J36 -> 0 | F32: =Source!K36 -> 0 | G32: =Source!V36 -> 228.06 | H32: =Source!W36 -> 100.7 | AB32: =Source!K36 -> 0 | AC32: =Source!W36 -> 100.7
A33: =Source!F37 -> 1.1-1-1566 | B33: =Source!G37 -> Электроды, тип Э-42, 46, 50, диаметр 4 - 6 мм | C33: =Source!H37 -> т | D33: =Source!I37 -> 0.00263 | E33: =Source!J37 -> 0 | F33: =Source!K37 -> 0 | G33: =Source!V37 -> 7191.81 | H33: =Source!W37 -> 18.91 | AB33: =Source!K37 -> 0 | AC33: =Source!W37 -> 18.91
A34: =Source!F38 -> 1.1-1-1717 | B34: =Source!G38 -> Плитки половые чугунные, размеры 250х250х30 мм | C34: =Source!H38 -> т | D34: =Source!I38 -> 2.854645 | E34: =Source!J38 -> 0 | F34: =Source!K38 -> 0 | G34: =Source!V38 -> 2868.13 | H34: =Source!W38 -> 8187.49 | AB34: =Source!K38 -> 0 | AC34: =Source!W38 -> 8187.49
A35: =Source!F39 -> 1.1-1-2090 | B35: =Source!G39 -> Напольное покрытие полиуретановое рулонное, с наполнителем из резиновой крошки фракции 2-3 мм, прочность на разрыв 7-8 кг/см2, относительное удлинение 120%, температура эксплуатации от -50 до +70°С, толщина 8 мм | C35: =Source!H39 -> м2 | D35: =Source!I39 -> 12.947 | E35: =Source!J39 -> 0 | F35: =Source!K39 -> 0 | G35: =Source!V39 -> 143.37 | H35: =Source!W39 -> 1856.21 | AB35: =Source!K39 -> 0 | AC35: =Source!W39 -> 1856.21
A36: =Source!F40 -> 1.1-1-389 | B36: =Source!G40 -> Клей на основе акриловой дисперсии, АДМ-К | C36: =Source!H40 -> т | D36: =Source!I40 -> 0.005602 | E36: =Source!J40 -> 0 | F36: =Source!K40 -> 0 | G36: =Source!V40 -> 43326.77 | H36: =Source!W40 -> 242.72 | AB36: =Source!K40 -> 0 | AC36: =Source!W40 -> 242.72
A37: =Source!F41 -> 1.1-1-766 | B37: =Source!G41 -> Песок для строительных работ, рядовой | C37: =Source!H41 -> м3 | D37: =Source!I41 -> 1.696158 | E37: =Source!J41 -> 0 | F37: =Source!K41 -> 0 | G37: =Source!V41 -> 104.99 | H37: =Source!W41 -> 178.08 | AB37: =Source!K41 -> 0 | AC37: =Source!W41 -> 178.08
A38: =Source!F42 -> 1.11-1-221 | B38: =Source!G42 -> Плиты облицовочные гранитные пиленые, толщина 10 мм, месторождение: Куртинское | C38: =Source!H42 -> м2 | D38: =Source!I42 -> 59.06 | E38: =Source!J42 -> 0 | F38: =Source!K42 -> 0 | G38: =Source!V42 -> 772.64 | H38: =Source!W42 -> 45632.12 | AB38: =Source!K42 -> 0 | AC38: =Source!W42 -> 45632.12
A39: =Source!F43 -> 1.3-1-34 | B39: =Source!G43 -> Смеси бетонные, БСГ, тяжелого бетона на гранитном щебне, класс прочности В3,5 (М50); фракция 5-20 | C39: =Source!H43 -> м3 | D39: =Source!I43 -> 2.27263 | E39: =Source!J43 -> 0 | F39: =Source!K43 -> 0 | G39: =Source!V43 -> 514.9 | H39: =Source!W43 -> 1170.18 | AB39: =Source!K43 -> 0 | AC39: =Source!W43 -> 1170.18
A40: =Source!F44 -> 1.3-1-41 | B40: =Source!G44 -> Смеси бетонные, БСГ, тяжелого бетона на гранитном щебне, класс прочности В25 (М350); П3, фракция 5-20, F150, W6 | C40: =Source!H44 -> м3 | D40: =Source!I44 -> 4.6372 | E40: =Source!J44 -> 0 | F40: =Source!K44 -> 0 | G40: =Source!V44 -> 745.24 | H40: =Source!W44 -> 3455.83 | AB40: =Source!K44 -> 0 | AC40: =Source!W44 -> 3455.83
A41: =Source!F45 -> 1.3-2-4 | B41: =Source!G45 -> Растворы цементные, марка 75 | C41: =Source!H45 -> м3 | D41: =Source!I45 -> 1.7718 | E41: =Source!J45 -> 0 | F41: =Source!K45 -> 0 | G41: =Source!V45 -> 396.06 | H41: =Source!W45 -> 701.74 | AB41: =Source!K45 -> 0 | AC41: =Source!W45 -> 701.74
A42: =Source!F46 -> 1.3-4-1 | B42: =Source!G46 -> Арматурные заготовки (стержни, хомуты и т.п.), не собранные в каркасы или сетки, углеродистая сталь общего назначения и арматурная сталь гладкая, класс А-I, диаметр 6-7 мм | C42: =Source!H46 -> т | D42: =Source!I46 -> 0.125272 | E42: =Source!J46 -> 0 | F42: =Source!K46 -> 0 | G42: =Source!V46 -> 5681.92 | H42: =Source!W46 -> 711.79 | AB42: =Source!K46 -> 0 | AC42: =Source!W46 -> 711.79
... A46: =Source!F50 -> 9999990006 | B46: =Source!G50 -> Стоимость прочих материалов (ЭСН) | C46: =Source!H50 -> руб. | D46: =Source!I50 -> 4.569222 | E46: =Source!J50 -> 1 | F46: =Source!K50 -> 4.57 | G46: =Source!V50 -> 1 | H46: =Source!W50 -> 4.57 | AB46: =Source!K50 -> 4.57 | AC46: =Source!W50 -> 4.57
A47: Итого: | E47: =SUM(AB31:AB46) -> 4.57 | G47: =SUM(AC31:AC46) -> 175304.29
A48: =IF(Source!C12="1", Source!F52, Source!G52) -> Потолок
A49: Материалы
A50: =Source!F54 -> 1.1-1-1029 | B50: =Source!G54 -> Сетка проволочная штукатурная тканая, квадрат 5х5 мм, толщина 1,6 мм | C50: =Source!H54 -> м2 | D50: =Source!I54 -> 0.27977 | E50: =Source!J54 -> 0 | F50: =Source!K54 -> 0 | G50: =Source!V54 -> 33.56 | H50: =Source!W54 -> 9.39 | AB50: =Source!K54 -> 0 | AC50: =Source!W54 -> 9.39
A51: =Source!F55 -> 1.1-1-118 | B51: =Source!G55 -> Вода | C51: =Source!H55 -> м3 | D51: =Source!I55 -> 0.00543 | E51: =Source!J55 -> 0 | F51: =Source!K55 -> 0 | G51: =Source!V55 -> 7.07 | H51: =Source!W55 -> 0.04 | AB51: =Source!K55 -> 0 | AC51: =Source!W55 -> 0.04
A52: =Source!F56 -> 1.1-1-1478 | B52: =Source!G56 -> Шпатлевка водно-дисперсионная акриловая | C52: =Source!H56 -> т | D52: =Source!I56 -> 0.002778 | E52: =Source!J56 -> 0 | F52: =Source!K56 -> 0 | G52: =Source!V56 -> 13953.6 | H52: =Source!W56 -> 38.76 | AB52: =Source!K56 -> 0 | AC52: =Source!W56 -> 38.76
A53: =Source!F57 -> 1.1-1-2180 | B53: =Source!G57 -> Краска водно-дисперсионная, акриловая, с коллоидным раствором серебра, биологически активная, для внутренних работ, ручного и механизированного нанесения, сухой остаток от 56 до 62%, водородный показатель не менее рН 8,5, для окраски помещений медицинских учреждений, детских садов, школ, предприятий общественного питания и прочих мест массового посещения людей | C53: =Source!H57 -> т | D53: =Source!I57 -> 0.003182 | E53: =Source!J57 -> 0 | F53: =Source!K57 -> 0 | G53: =Source!V57 -> 33030.4 | H53: =Source!W57 -> 105.1 | AB53: =Source!K57 -> 0 | AC53: =Source!W57 -> 105.1
A54: =Source!F58 -> 1.3-2-13 | B54: =Source!G58 -> Растворы цементно-известковые, марка 75 | C54: =Source!H58 -> м3 | D54: =Source!I58 -> 0.077568 | E54: =Source!J58 -> 0 | F54: =Source!K58 -> 0 | G54: =Source!V58 -> 481.69 | H54: =Source!W58 -> 37.36 | AB54: =Source!K58 -> 0 | AC54: =Source!W58 -> 37.36
A55: =Source!F59 -> 1.3-2-24 | B55: =Source!G59 -> Смеси сухие штукатурные цементно-песчаные для внутренних и наружных работ, бездобавочные, В12,5 (М150), F50, крупность заполнителя не более 0,5 мм | C55: =Source!H59 -> т | D55: =Source!I59 -> 0.031027 | E55: =Source!J59 -> 0 | F55: =Source!K59 -> 0 | G55: =Source!V59 -> 796.76 | H55: =Source!W59 -> 24.72 | AB55: =Source!K59 -> 0 | AC55: =Source!W59 -> 24.72
A56: =Source!F60 -> 9999990006 | B56: =Source!G60 -> Стоимость прочих материалов (ЭСН) | C56: =Source!H60 -> руб. | D56: =Source!I60 -> 0.47066 | E56: =Source!J60 -> 1 | F56: =Source!K60 -> 0.47 | G56: =Source!V60 -> 1 | H56: =Source!W60 -> 0.47 | AB56: =Source!K60 -> 0.47 | AC56: =Source!W60 -> 0.47
A57: Итого: | E57: =SUM(AB50:AB56) -> 0.47 | G57: =SUM(AC50:AC56) -> 215.84
A58: =IF(Source!C12="1", Source!F62, Source!G62) -> Стены
A59: Материалы
A60: =Source!F64 -> 1.1-1-1029 | B60: =Source!G64 -> Сетка проволочная штукатурная тканая, квадрат 5х5 мм, толщина 1,6 мм | C60: =Source!H64 -> м2 | D60: =Source!I64 -> 17.604 | E60: =Source!J64 -> 0 | F60: =Source!K64 -> 0 | G60: =Source!V64 -> 33.56 | H60: =Source!W64 -> 590.79 | AB60: =Source!K64 -> 0 | AC60: =Source!W64 -> 590.79
A61: =Source!F65 -> 1.1-1-118 | B61: =Source!G65 -> Вода | C61: =Source!H65 -> м3 | D61: =Source!I65 -> 0.029712 | E61: =Source!J65 -> 0 | F61: =Source!K65 -> 0 | G61: =Source!V65 -> 7.07 | H61: =Source!W65 -> 0.21 | AB61: =Source!K65 -> 0 | AC61: =Source!W65 -> 0.21
A62: =Source!F66 -> 1.1-1-1478 | B62: =Source!G66 -> Шпатлевка водно-дисперсионная акриловая | C62: =Source!H66 -> т | D62: =Source!I66 -> 0.008313 | E62: =Source!J66 -> 0 | F62: =Source!K66 -> 0 | G62: =Source!V66 -> 13953.6 | H62: =Source!W66 -> 116 | AB62: =Source!K66 -> 0 | AC62: =Source!W66 -> 116
A63: =Source!F67 -> 1.1-1-2180 | B63: =Source!G67 -> Краска водно-дисперсионная, акриловая, с коллоидным раствором серебра, биологически активная, для внутренних работ, ручного и механизированного нанесения, сухой остаток от 56 до 62%, водородный показатель не менее рН 8,5, для окраски помещений медицинских учреждений, детских садов, школ, предприятий общественного питания и прочих мест массового посещения людей | C63: =Source!H67 -> т | D63: =Source!I67 -> 0.010269 | E63: =Source!J67 -> 0 | F63: =Source!K67 -> 0 | G63: =Source!V67 -> 33030.4 | H63: =Source!W67 -> 339.19 | AB63: =Source!K67 -> 0 | AC63: =Source!W67 -> 339.19
A64: =Source!F68 -> 1.1-1-236 | B64: =Source!G68 -> Дюбели с насаженными шайбами | C64: =Source!H68 -> т | D64: =Source!I68 -> 0.000408 | E64: =Source!J68 -> 0 | F64: =Source!K68 -> 0 | G64: =Source!V68 -> 20166.44 | H64: =Source!W68 -> 8.23 | AB64: =Source!K68 -> 0 | AC64: =Source!W68 -> 8.23
A65: =Source!F69 -> 1.1-1-740 | B65: =Source!G69 -> Пакля пропитанная | C65: =Source!H69 -> кг | D65: =Source!I69 -> 1.956 | E65: =Source!J69 -> 0 | F65: =Source!K69 -> 0 | G65: =Source!V69 -> 9.86 | H65: =Source!W69 -> 19.29 | AB65: =Source!K69 -> 0 | AC65: =Source!W69 -> 19.29
A66: =Source!F70 -> 1.3-2-13 | B66: =Source!G70 -> Растворы цементно-известковые, марка 75 | C66: =Source!H70 -> м3 | D66: =Source!I70 -> 0.424452 | E66: =Source!J70 -> 0 | F66: =Source!K70 -> 0 | G66: =Source!V70 -> 481.69 | H66: =Source!W70 -> 204.45 | AB66: =Source!K70 -> 0 | AC66: =Source!W70 -> 204.45
A67: =Source!F71 -> 1.3-2-24 | B67: =Source!G71 -> Смеси сухие штукатурные цементно-песчаные для внутренних и наружных работ, бездобавочные, В12,5 (М150), F50, крупность заполнителя не более 0,5 мм | C67: =Source!H71 -> т | D67: =Source!I71 -> 0.169781 | E67: =Source!J71 -> 0 | F67: =Source!K71 -> 0 | G67: =Source!V71 -> 796.76 | H67: =Source!W71 -> 135.27 | AB67: =Source!K71 -> 0 | AC67: =Source!W71 -> 135.27
A68: =Source!F72 -> 9999990006 | B68: =Source!G72 -> Стоимость прочих материалов (ЭСН) | C68: =Source!H72 -> руб. | D68: =Source!I72 -> 1.48167 | E68: =Source!J72 -> 1 | F68: =Source!K72 -> 1.48 | G68: =Source!V72 -> 1 | H68: =Source!W72 -> 1.48 | AB68: =Source!K72 -> 1.48 | AC68: =Source!W72 -> 1.48
A69: Итого: | E69: =SUM(AB60:AB68) -> 1.48 | G69: =SUM(AC60:AC68) -> 1414.91
A70: =IF(Source!C12="1", Source!F74, Source!G74) -> Двери
A71: Материалы
A72: =Source!F76 -> 1.1-1-2470 | B72: =Source!G76 -> Герметик акриловый, дисперсионный, пластоэластичный, для наружных работ, модуль упругости 0,25 Н/мм2, усадка до -15%, диапазон температур применения от -25 до +80°С, для швов с деформационной подвижностью до 15%, окрашиваемый | C72: =Source!H76 -> л | D72: =Source!I76 -> 1.053 | E72: =Source!J76 -> 0 | F72: =Source!K76 -> 0 | G72: =Source!V76 -> 177.8 | H72: =Source!W76 -> 187.22 | AB72: =Source!K76 -> 0 | AC72: =Source!W76 -> 187.22
A73: =Source!F77 -> 1.1-1-2627 | B73: =Source!G77 -> Винты самонарезающие 5х40 мм для металла | C73: =Source!H77 -> кг | D73: =Source!I77 -> 0.06 | E73: =Source!J77 -> 0 | F73: =Source!K77 -> 0 | G73: =Source!V77 -> 20.63 | H73: =Source!W77 -> 1.24 | AB73: =Source!K77 -> 0 | AC73: =Source!W77 -> 1.24
A74: =Source!F78 -> 1.1-1-3571 | B74: =Source!G78 -> Пена монтажная противопожарная, обеспечивающая акустическую и термическую изоляцию, предел огнестойкости ЕI 60 | C74: =Source!H78 -> л | D74: =Source!I78 -> 2.007 | E74: =Source!J78 -> 0 | F74: =Source!K78 -> 0 | G74: =Source!V78 -> 125.73 | H74: =Source!W78 -> 252.34 | AB74: =Source!K78 -> 0 | AC74: =Source!W78 -> 252.34
A75: =Source!F79 -> 1.1-1-79 | B75: =Source!G79 -> Бруски хвойных пород обрезные, длина 2-6,5 м, сорт III, толщина 50-60 мм | C75: =Source!H79 -> м3 | D75: =Source!I79 -> 0.0006 | E75: =Source!J79 -> 0 | F75: =Source!K79 -> 0 | G75: =Source!V79 -> 2472.13 | H75: =Source!W79 -> 1.48 | AB75: =Source!K79 -> 0 | AC75: =Source!W79 -> 1.48
A76: =Source!F80 -> 1.3-2-6 | B76: =Source!G80 -> Растворы цементные, марка 150 | C76: =Source!H80 -> м3 | D76: =Source!I80 -> 0.0042 | E76: =Source!J80 -> 0 | F76: =Source!K80 -> 0 | G76: =Source!V80 -> 478.96 | H76: =Source!W80 -> 2.01 | AB76: =Source!K80 -> 0 | AC76: =Source!W80 -> 2.01
A77: =Source!F81 -> 1.7-2-109 | B77: =Source!G81 -> Блоки дверные металлические противопожарные с заполнением минеральной ватой, остекленные стеклом толщиной 21 мм (0,24 м2), окрашенные порошковыми красками, предел огнестойкости EI 60, двупольные, 1500х2100 мм, масса 196,5 кг, с замком-защелкой, без доводчика | C77: =Source!H81 -> т | D77: =Source!I81 -> 0.5895 | E77: =Source!J81 -> 0 | F77: =Source!K81 -> 0 | G77: =Source!V81 -> 54315.42 | H77: =Source!W81 -> 32018.94 | AB77: =Source!K81 -> 0 | AC77: =Source!W81 -> 32018.94
A78: =Source!F82 -> 1.7-3-122 | B78: =Source!G82 -> Бур с наконечником из твердого сплава, с хвостовиком SDS-plus, диаметр 10 мм, длина 260 мм | C78: =Source!H82 -> шт. | D78: =Source!I82 -> 0.24 | E78: =Source!J82 -> 0 | F78: =Source!K82 -> 0 | G78: =Source!V82 -> 14.23 | H78: =Source!W82 -> 3.42 | AB78: =Source!K82 -> 0 | AC78: =Source!W82 -> 3.42
A79: =Source!F83 -> 1.7-5-156 | B79: =Source!G83 -> Анкер-шпилька распорный, высокоэффективный, с шестигранной гайкой и шайбой, из оцинкованной стали, для использования в бетоне с трещинами, диаметр 10 мм, длина 130 мм, толщина прикрепляемой детали минимальная/максимальная 50/70 мм | C79: =Source!H83 -> шт. | D79: =Source!I83 -> 24 | E79: =Source!J83 -> 0 | F79: =Source!K83 -> 0 | G79: =Source!V83 -> 27.22 | H79: =Source!W83 -> 653.28 | AB79: =Source!K83 -> 0 | AC79: =Source!W83 -> 653.28
A80: =Source!F84 -> 1.8-1-86 | B80: =Source!G84 -> Доводчик дверной, напольный, в комплекте с крышкой и рычагом, масса двери до 300 кг | C80: =Source!H84 -> КОМПЛЕКТ | D80: =Source!I84 -> 3 | E80: =Source!J84 -> 0 | F80: =Source!K84 -> 0 | G80: =Source!V84 -> 6920.41 | H80: =Source!W84 -> 20761.23 | AB80: =Source!K84 -> 0 | AC80: =Source!W84 -> 20761.23
A81: Итого: | E81: =SUM(AB72:AB80) -> 0 | G81: =SUM(AC72:AC80) -> 53881.16
A82: =IF(Source!C12="1", Source!F86, Source!G86) -> Монтаж ограждений из поликарбоната
A83: Материалы
A84: =Source!F88 -> 1.1-1-2107 | B84: =Source!G88 -> Пластик поликарбонатный ячеистый для остекления, толщина 20 мм | C84: =Source!H88 -> м2 | D84: =Source!I88 -> 15.9152 | E84: =Source!J88 -> 0 | F84: =Source!K88 -> 0 | G84: =Source!V88 -> 440.17 | H84: =Source!W88 -> 7005.39 | AB84: =Source!K88 -> 0 | AC84: =Source!W88 -> 7005.39
A85: =Source!F89 -> 1.1-1-3791 | B85: =Source!G89 -> Прокладки резиновые уплотнительные для профилей алюминиевых, ширина 13,5 мм | C85: =Source!H89 -> м | D85: =Source!I89 -> 7.543648 | E85: =Source!J89 -> 0 | F85: =Source!K89 -> 0 | G85: =Source!V89 -> 4.2 | H85: =Source!W89 -> 31.68 | AB85: =Source!K89 -> 0 | AC85: =Source!W89 -> 31.68
A86: =Source!F90 -> 1.1-1-3792 | B86: =Source!G90 -> Прокладки резиновые уплотнительные для профилей алюминиевых, ширина 60 мм | C86: =Source!H90 -> м | D86: =Source!I90 -> 7.543648 | E86: =Source!J90 -> 0 | F86: =Source!K90 -> 0 | G86: =Source!V90 -> 14.74 | H86: =Source!W90 -> 111.19 | AB86: =Source!K90 -> 0 | AC86: =Source!W90 -> 111.19
A87: =Source!F91 -> 1.1-1-3794 | B87: =Source!G91 -> Ленты герметизирующие алюминиевые самоклеящиеся для сотового поликарбоната толщиной от 10 до 16 мм, ширина 38 мм, сплошные | C87: =Source!H91 -> м | D87: =Source!I91 -> 6.856864 | E87: =Source!J91 -> 0 | F87: =Source!K91 -> 0 | G87: =Source!V91 -> 2.28 | H87: =Source!W91 -> 15.63 | AB87: =Source!K91 -> 0 | AC87: =Source!W91 -> 15.63
A88: =Source!F92 -> 1.1-1-3797 | B88: =Source!G92 -> Ленты герметизирующие алюминиевые самоклеящиеся для сотового поликарбоната толщиной от 10 до 16 мм, ширина 38 мм, перфорированные | C88: =Source!H92 -> м | D88: =Source!I92 -> 6.856864 | E88: =Source!J92 -> 0 | F88: =Source!K92 -> 0 | G88: =Source!V92 -> 5.39 | H88: =Source!W92 -> 36.96 | AB88: =Source!K92 -> 0 | AC88: =Source!W92 -> 36.96
A89: =Source!F93 -> 1.1-1-3801 | B89: =Source!G93 -> Профили поликарбонатные торцевые для сотового поликарбоната толщиной 16 мм | C89: =Source!H93 -> м | D89: =Source!I93 -> 13.715296 | E89: =Source!J93 -> 0 | F89: =Source!K93 -> 0 | G89: =Source!V93 -> 11.39 | H89: =Source!W93 -> 156.22 | AB89: =Source!K93 -> 0 | AC89: =Source!W93 -> 156.22
A90: =Source!F94 -> 1.1-1-3803 | B90: =Source!G94 -> Термошайбы поликарбонатные для крепления поликарбоната к металлическим конструкциям | C90: =Source!H94 -> 100 шт. | D90: =Source!I94 -> 0.142688 | E90: =Source!J94 -> 0 | F90: =Source!K94 -> 0 | G90: =Source!V94 -> 168.77 | H90: =Source!W94 -> 24.08 | AB90: =Source!K94 -> 0 | AC90: =Source!W94 -> 24.08
A91: =Source!F95 -> 1.7-1-43 | B91: =Source!G95 -> Винты самонарезающие оцинкованные 5х20 мм | C91: =Source!H95 -> 100 шт. | D91: =Source!I95 -> 0.856128 | E91: =Source!J95 -> 0 | F91: =Source!K95 -> 0 | G91: =Source!V95 -> 69.01 | H91: =Source!W95 -> 59.08 | AB91: =Source!K95 -> 0 | AC91: =Source!W95 -> 59.08
A92: =Source!F96 -> 1.7-12-35 | B92: =Source!G96 -> Профили алюминиевые системы AGS 150, ширина 51 мм, крышки | C92: =Source!H96 -> м | D92: =Source!I96 -> 7.543648 | E92: =Source!J96 -> 0 | F92: =Source!K96 -> 0 | G92: =Source!V96 -> 8.1 | H92: =Source!W96 -> 61.1 | AB92: =Source!K96 -> 0 | AC92: =Source!W96 -> 61.1
A93: =Source!F97 -> 1.7-12-36 | B93: =Source!G97 -> Профили алюминиевые системы AGS 150, ширина 49 мм, прижимы | C93: =Source!H97 -> м | D93: =Source!I97 -> 7.543648 | E93: =Source!J97 -> 0 | F93: =Source!K97 -> 0 | G93: =Source!V97 -> 17.43 | H93: =Source!W97 -> 131.49 | AB93: =Source!K97 -> 0 | AC93: =Source!W97 -> 131.49
A94: Итого: | E94: =SUM(AB84:AB93) -> 0 | G94: =SUM(AC84:AC93) -> 7632.82
A95: =IF(Source!C12="1", Source!F99, Source!G99) -> Подъемник
A96: Оборудование
A97: =Source!F101 -> ц. пост. | B97: =Source!G101 -> Мобильный лестничный гусеничный подъемник «Т09 Roby PPP» для лиц с ограниченными возможностями | C97: =Source!H101 -> шт. | D97: =Source!I101 -> 1 | E97: =Source!J101 -> 0 | F97: =Source!K101 -> 0 | G97: =Source!V101 -> 68611.89 | H97: =Source!W101 -> 68611.89 | AB97: =Source!K101 -> 0 | AC97: =Source!W101 -> 68611.89
A98: Итого: | E98: =SUM(AB97:AB97) -> 0 | G98: =SUM(AC97:AC97) -> 68611.89
A99: =IF(Source!C12="1", Source!F103, Source!G103) -> ММГН
A100: Материалы
A101: =Source!F105 -> 1.1-1-1487 | B101: =Source!G105 -> Шпатлевка масляно-клеевая универсальная | C101: =Source!H105 -> т | D101: =Source!I105 -> 4.1e-05 | E101: =Source!J105 -> 0 | F101: =Source!K105 -> 0 | G101: =Source!V105 -> 2278.84 | H101: =Source!W105 -> 0.09 | AB101: =Source!K105 -> 0 | AC101: =Source!W105 -> 0.09
A102: =Source!F106 -> 1.1-1-2090 | B102: =Source!G106 -> Напольное покрытие полиуретановое рулонное, с наполнителем из резиновой крошки фракции 2-3 мм, прочность на разрыв 7-8 кг/см2, относительное удлинение 120%, температура эксплуатации от -50 до +70°С, толщина 8 мм | C102: =Source!H106 -> м2 | D102: =Source!I106 -> 1.12992 | E102: =Source!J106 -> 0 | F102: =Source!K106 -> 0 | G102: =Source!V106 -> 143.37 | H102: =Source!W106 -> 162 | AB102: =Source!K106 -> 0 | AC102: =Source!W106 -> 162
A103: =Source!F107 -> 1.1-1-3379 | B103: =Source!G107 -> Клей акриловый универсальный высокопрочный для приклеивания напольных и тяжелых типов настенных покрытий | C103: =Source!H107 -> кг | D103: =Source!I107 -> 3.392 | E103: =Source!J107 -> 0 | F103: =Source!K107 -> 0 | G103: =Source!V107 -> 25.43 | H103: =Source!W107 -> 86.26 | AB103: =Source!K107 -> 0 | AC103: =Source!W107 -> 86.26
A104: =Source!F108 -> 1.1-1-3552 | B104: =Source!G108 -> Грунтовка акриловая концентрированная универсальная с высокой клеевой и проникающей способностью | C104: =Source!H108 -> л | D104: =Source!I108 -> 0.954 | E104: =Source!J108 -> 0 | F104: =Source!K108 -> 0 | G104: =Source!V108 -> 40.17 | H104: =Source!W108 -> 38.32 | AB104: =Source!K108 -> 0 | AC104: =Source!W108 -> 38.32
A105: =Source!F109 -> 1.1-1-3574 | B105: =Source!G109 -> Плитка тактильная поливинилхлоридная, размеры 300х300х4 мм | C105: =Source!H109 -> м2 | D105: =Source!I109 -> 9.54 | E105: =Source!J109 -> 0 | F105: =Source!K109 -> 0 | G105: =Source!V109 -> 175.56 | H105: =Source!W109 -> 1674.84 | AB105: =Source!K109 -> 0 | AC105: =Source!W109 -> 1674.84
A106: =Source!F110 -> 1.1-1-389 | B106: =Source!G110 -> Клей на основе акриловой дисперсии, АДМ-К | C106: =Source!H110 -> т | D106: =Source!I110 -> 0.000489 | E106: =Source!J110 -> 0 | F106: =Source!K110 -> 0 | G106: =Source!V110 -> 43326.77 | H106: =Source!W110 -> 21.19 | AB106: =Source!K110 -> 0 | AC106: =Source!W110 -> 21.19
A107: =Source!F111 -> 1.1-1-463 | B107: =Source!G111 -> Краски масляные жидкотертые цветные (готовые к употреблению) для наружных и внутренних работ, марка МА-25 | C107: =Source!H111 -> т | D107: =Source!I111 -> 2.2e-05 | E107: =Source!J111 -> 0 | F107: =Source!K111 -> 0 | G107: =Source!V111 -> 32008.27 | H107: =Source!W111 -> 0.7 | AB107: =Source!K111 -> 0 | AC107: =Source!W111 -> 0.7
A108: =Source!F112 -> 1.1-1-58 | B108: =Source!G112 -> Болты строительные с гайками оцинкованные (10х100 мм) | C108: =Source!H112 -> т | D108: =Source!I112 -> 0.00192 | E108: =Source!J112 -> 0 | F108: =Source!K112 -> 0 | G108: =Source!V112 -> 24618.39 | H108: =Source!W112 -> 47.27 | AB108: =Source!K112 -> 0 | AC108: =Source!W112 -> 47.27
A109: =Source!F113 -> 1.1-1-733 | B109: =Source!G113 -> Олифа для окраски натуральная | C109: =Source!H113 -> кг | D109: =Source!I113 -> 0.008343 | E109: =Source!J113 -> 0 | F109: =Source!K113 -> 0 | G109: =Source!V113 -> 20.19 | H109: =Source!W113 -> 0.17 | AB109: =Source!K113 -> 0 | AC109: =Source!W113 -> 0.17
...

Sheet Source
A1: 0 | B1: Smeta.RU (495) 974-1589 | D1: _RR_ | F1: 0 | G1: 0 | H1: 0 | I1: Smeta.RU | K1: 1 | M1: 10 | N1: 11 | O1: 5 | P1: 0 | Q1: 1
A12: 1 | B12: 1 | C12: 0 | E12: 0 | F12: Новый объект | G12: 02-02 Детский БЛ санаторий №15 | I12: 0 | K12: 0 | L12: 0 | M12: 2 | O12: 0 | P12: 0 | Q12: 0 | T12: 1 | V12: 0 | BB12: 0 | BH12: Сметные нормы списания | BI12: Коды ОКП для ТСН-2001 МГЭ | BJ12: 1 | BK12: 1 | BL12: 0 | BM12: 0 | BN12: 1 | BO12: 0 | BP12: 6 | BQ12: 2 | BR12: 1 | BS12: 1 | BT12: 0 | BU12: 0 | BV12: 0 | BW12: 0 | BX12: 0 | BZ12: Типовой расчет для ТСН-2001 МГЭ, Новая методика с выпуска доп. 43 (Ремонт), Доп 63 | CA12: Территориальные сметные нормативы для Москвы ТСН-2001 (МГЭ) | CB12: Территориальные сметные нормативы для Москвы ТСН-2001 (МГЭ) | CC12: Территориальные сметные нормативы для Москвы ТСН-2001 (МГЭ) | CD12: Территориальные сметные нормативы для Москвы ТСН-2001 (МГЭ) | CE12: Поправки для ТСН-2001 от 21.10.2019 г. | CF12: 0 | CG12: 0 | CH12: 16785416 | CK12: 54 | EC12: 0
A15: 10 | B15: 1 | C15: 0 | D15: 1 | E15: 0 | F15: Тест формирования РР с учетом структуры | G15: 46303304 | H15: Тест формирования РР с учетом структуры | I15: Тест формирования РР с учетом структуры | J15: 1 | K15: 30515945 | L15: -2 | M15: 44649.404 | N15: 0 | W15: 46288926 | X15: 15 | Y15: 1 | Z15: 0 | AA15: 0 | AB15: Сметные нормы списания | AC15: Коды ОКП для ТСН-2001 МГЭ | AD15: Территориальные сметные нормативы для Москвы ТСН-2001 (МГЭ) | AE15: Территориальные сметные нормативы для Москвы ТСН-2001 (МГЭ) | AF15: Территориальные сметные нормативы для Москвы ТСН-2001 (МГЭ) | AG15: Территориальные сметные нормативы для Москвы ТСН-2001 (МГЭ) | AI15: 327737 | AJ15: 0 | AK15: 0 | AL15: 0 | AM15: 0 | AN15: 0 | AO15: 2 | AP15: 1 | AQ15: 1 | AR15: 1 | AS15: 1 | AV15: 0 | AW15: 0 | AX15: Базовые | AY15: Сметные | AZ15: Текущие | BA15: Сметные - с учетом индекса | BB15: 0 | BC15: 1 | BD15: 0 | BE15: 1
A18: 3 | B18: 1 | F18: Выполнение комплекса ремонтных работ в учреждениях Департамента здравоохранения города Москвы в рамках реализации Государственной программы города Москвы «Социальная поддержка жителей города Москвы» (лот 2) в ГБУЗ «Детский бронхолегочный санаторий №15 Департамента здравоохранения города Москвы» по адресу: г. Москва, ул. Академика Капицы, д. 11 | G18: Выполнение комплекса ремонтных работ в учреждениях Департамента здравоохранения города Москвы в рамках реализации Государственной программы города Москвы «Социальная поддержка жителей города Москвы» (лот 2) в ГБУЗ «Детский бронхолегочный санаторий №15 Департамента здравоохранения города Москвы» по адресу: г. Москва, ул. Академика Капицы, д. 11 | I18: 0 | K18: -1 | S18: 0 | V18: 0 | BX18: 0 | CF18: 0 | CG18: 0
A20: 4 | B20: 1 | F20: Полы | G20: Полы | I20: 0 | K20: 0 | S20: 0 | V20: 0 | BX20: 0 | CJ20: 0
A22: 5 | B22: 1 | F22: Внутренние работы | G22: Внутренние работы | I22: 0 | K22: 0 | S22: 0 | V22: 0 | BX22: 0 | CJ22: 0
A24: 17 | B24: 1 | C24: =D24*B24 -> 3 | D24: 3 | F24: 1.1-1-118 | G24: Вода | H24: м3 | I24: 0.184227 | J24: 0 | K24: =ROUND(J24*I24,2) -> 0 | L24: 7.07 | M24: =ROUND(L24*I24,2) -> 1.3 | N24: 0 | O24: =ROUND(N24*I24,2) -> 0 | P24: 1 | Q24: 1 | R24: 1 | S24: 1 | T24: 1 | U24: 1 | V24: 7.07 | W24: =ROUND(V24*I24,2) -> 1.3 | X24: 0 | Y24: =Z24*B24 -> 3 | Z24: 3 | AA24: =ROUND(M24-K24,2) -> 1.3 | AB24: =ROUND(IF(J24=0,1,L24/J24),3) -> 1 | AD24: м3 | AE24: 0 | AF24: 0 | AG24: =AF24*B24 -> 0
A25: 17 | B25: 1 | C25: =D25*B25 -> 3 | D25: 3 | F25: 1.1-1-2398 | G25: Плитки керамические, типа керамогранит, неполированные, размер 30х30 см, толщина 8 мм, цвет: светло-серый, серый, светло-зеленый, бежевый | H25: м2 | I25: 5.9262 | J25: 0 | K25: =ROUND(J25*I25,2) -> 0 | L25: 92.02 | M25: =ROUND(L25*I25,2) -> 545.33 | N25: 0 | O25: =ROUND(N25*I25,2) -> 0 | P25: 1 | Q25: 1 | R25: 1 | S25: 1 | T25: 1 | U25: 1 | V25: 92.02 | W25: =ROUND(V25*I25,2) -> 545.33 | X25: 0 | Y25: =Z25*B25 -> 3 | Z25: 3 | AA25: =ROUND(M25-K25,2) -> 545.33 | AB25: =ROUND(IF(J25=0,1,L25/J25),3) -> 1 | AD25: м2 | AE25: 0 | AF25: 0 | AG25: =AF25*B25 -> 0
A26: 17 | B26: 1 | C26: =D26*B26 -> 3 | D26: 3 | F26: 1.1-1-2480 | G26: Грунтовка на основе полимерной дисперсии, концентрированная, паропроницаемая, с желтым пигментом, для впитывающих оснований | H26: т | I26: 0.000505 | J26: 0 | K26: =ROUND(J26*I26,2) -> 0 | L26: 69883.65 | M26: =ROUND(L26*I26,2) -> 35.29 | N26: 0 | O26: =ROUND(N26*I26,2) -> 0 | P26: 1 | Q26: 1 | R26: 1 | S26: 1 | T26: 1 | U26: 1 | V26: 69883.65 | W26: =ROUND(V26*I26,2) -> 35.29 | X26: 0 | Y26: =Z26*B26 -> 3 | Z26: 3 | AA26: =ROUND(M26-K26,2) -> 35.29 | AB26: =ROUND(IF(J26=0,1,L26/J26),3) -> 1 | AD26: т | AE26: 0 | AF26: 0 | AG26: =AF26*B26 -> 0
A27: 17 | B27: 1 | C27: =D27*B27 -> 3 | D27: 3 | F27: 1.3-2-138 | G27: Смеси сухие для заполнения швов между плитками, цветные | H27: т | I27: 0.000759 | J27: 0 | K27: =ROUND(J27*I27,2) -> 0 | L27: 27362.67 | M27: =ROUND(L27*I27,2) -> 20.77 | N27: 0 | O27: =ROUND(N27*I27,2) -> 0 | P27: 1 | Q27: 1 | R27: 1 | S27: 1 | T27: 1 | U27: 1 | V27: 27362.67 | W27: =ROUND(V27*I27,2) -> 20.77 | X27: 0 | Y27: =Z27*B27 -> 3 | Z27: 3 | AA27: =ROUND(M27-K27,2) -> 20.77 | AB27: =ROUND(IF(J27=0,1,L27/J27),3) -> 1 | AD27: т | AE27: 0 | AF27: 0 | AG27: =AF27*B27 -> 0
A28: 17 | B28: 1 | C28: =D28*B28 -> 3 | D28: 3 | F28: 1.3-2-166 | G28: Смеси сухие клеевые, для внутренних работ, для укладки напольной и настенной плитки из керамики | H28: т | I28: 0.023735 | J28: 0 | K28: =ROUND(J28*I28,2) -> 0 | L28: 2948.66 | M28: =ROUND(L28*I28,2) -> 69.99 | N28: 0 | O28: =ROUND(N28*I28,2) -> 0 | P28: 1 | Q28: 1 | R28: 1 | S28: 1 | T28: 1 | U28: 1 | V28: 2948.66 | W28: =ROUND(V28*I28,2) -> 69.99 | X28: 0 | Y28: =Z28*B28 -> 3 | Z28: 3 | AA28: =ROUND(M28-K28,2) -> 69.99 | AB28: =ROUND(IF(J28=0,1,L28/J28),3) -> 1 | AD28: т | AE28: 0 | AF28: 0 | AG28: =AF28*B28 -> 0
A29: 17 | B29: 1 | C29: =D29*B29 -> 3 | D29: 3 | F29: 1.3-2-168 | G29: Смеси сухие клеевые, высокоадгезионные, высокоэластичные, для внутренних и наружных работ, для укладки напольной, настенной и потолочной плитки из керамики, мозаики, натурального камня и керамогранита | H29: т | I29: 0.003268 | J29: 0 | K29: =ROUND(J29*I29,2) -> 0 | L29: 6529.05 | M29: =ROUND(L29*I29,2) -> 21.34 | N29: 0 | O29: =ROUND(N29*I29,2) -> 0 | P29: 1 | Q29: 1 | R29: 1 | S29: 1 | T29: 1 | U29: 1 | V29: 6529.05 | W29: =ROUND(V29*I29,2) -> 21.34 | X29: 0 | Y29: =Z29*B29 -> 3 | Z29: 3 | AA29: =ROUND(M29-K29,2) -> 21.34 | AB29: =ROUND(IF(J29=0,1,L29/J29),3) -> 1 | AD29: т | AE29: 0 | AF29: 0 | AG29: =AF29*B29 -> 0
A30: 17 | B30: 1 | C30: =D30*B30 -> 3 | D30: 3 | F30: 1.3-2-6 | G30: Растворы цементные, марка 150 | H30: м3 | I30: 0.15453 | J30: 0 | K30: =ROUND(J30*I30,2) -> 0 | L30: 478.96 | M30: =ROUND(L30*I30,2) -> 74.01 | N30: 0 | O30: =ROUND(N30*I30,2) -> 0 | P30: 1 | Q30: 1 | R30: 1 | S30: 1 | T30: 1 | U30: 1 | V30: 478.96 | W30: =ROUND(V30*I30,2) -> 74.01 | X30: 0 | Y30: =Z30*B30 -> 3 | Z30: 3 | AA30: =ROUND(M30-K30,2) -> 74.01 | AB30: =ROUND(IF(J30=0,1,L30/J30),3) -> 1 | AD30: м3 | AE30: 0 | AF30: 0 | AG30: =AF30*B30 -> 0
A31: 17 | B31: 1 | C31: =D31*B31 -> 3 | D31: 3 | F31: 9999990001 | G31: Масса мусора | H31: т | I31: 0.5959 | J31: 0 | K31: =ROUND(J31*I31,2) -> 0 | L31: 0 | M31: =ROUND(L31*I31,2) -> 0 | N31: 0 | O31: =ROUND(N31*I31,2) -> 0 | P31: 1 | Q31: 1 | R31: 1 | S31: 1 | T31: 1 | U31: 1 | V31: =ROUND(L31*Q31,2) -> 0 | W31: =ROUND(V31*I31,2) -> 0 | X31: 0 | Y31: =Z31*B31 -> 3 | Z31: 3 | AA31: =ROUND(M31-K31,2) -> 0 | AB31: =ROUND(IF(J31=0,1,L31/J31),3) -> 1 | AD31: т | AE31: 0 | AF31: 0 | AG31: =AF31*B31 -> 0
A33: 5 | B33: 1 | F33: Наружные работы | G33: Наружные работы | I33: 0 | K33: 0 | S33: 0 | V33: 0 | BX33: 0 | CJ33: 0
A35: 17 | B35: 1 | C35: =D35*B35 -> 3 | D35: 3 | F35: 1.1-1-118 | G35: Вода | H35: м3 | I35: 2.134055 | J35: 0 | K35: =ROUND(J35*I35,2) -> 0 | L35: 7.07 | M35: =ROUND(L35*I35,2) -> 15.09 | N35: 0 | O35: =ROUND(N35*I35,2) -> 0 | P35: 1 | Q35: 1 | R35: 1 | S35: 1 | T35: 1 | U35: 1 | V35: 7.07 | W35: =ROUND(V35*I35,2) -> 15.09 | X35: 0 | Y35: =Z35*B35 -> 3 | Z35: 3 | AA35: =ROUND(M35-K35,2) -> 15.09 | AB35: =ROUND(IF(J35=0,1,L35/J35),3) -> 1 | AD35: м3 | AE35: 0 | AF35: 0 | AG35: =AF35*B35 -> 0
A36: 17 | B36: 1 | C36: =D36*B36 -> 3 | D36: 3 | F36: 1.1-1-1535 | G36: Щебень из естественного камня для строительных работ, марка 1400, фракция 20-40 мм | H36: м3 | I36: 0.44154 | J36: 0 | K36: =ROUND(J36*I36,2) -> 0 | L36: 228.06 | M36: =ROUND(L36*I36,2) -> 100.7 | N36: 0 | O36: =ROUND(N36*I36,2) -> 0 | P36: 1 | Q36: 1 | R36: 1 | S36: 1 | T36: 1 | U36: 1 | V36: 228.06 | W36: =ROUND(V36*I36,2) -> 100.7 | X36: 0 | Y36: =Z36*B36 -> 3 | Z36: 3 | AA36: =ROUND(M36-K36,2) -> 100.7 | AB36: =ROUND(IF(J36=0,1,L36/J36),3) -> 1 | AD36: м3 | AE36: 0 | AF36: 0 | AG36: =AF36*B36 -> 0
A37: 17 | B37: 1 | C37: =D37*B37 -> 3 | D37: 3 | F37: 1.1-1-1566 | G37: Электроды, тип Э-42, 46, 50, диаметр 4 - 6 мм | H37: т | I37: 0.00263 | J37: 0 | K37: =ROUND(J37*I37,2) -> 0 | L37: 7191.81 | M37: =ROUND(L37*I37,2) -> 18.91 | N37: 0 | O37: =ROUND(N37*I37,2) -> 0 | P37: 1 | Q37: 1 | R37: 1 | S37: 1 | T37: 1 | U37: 1 | V37: 7191.81 | W37: =ROUND(V37*I37,2) -> 18.91 | X37: 0 | Y37: =Z37*B37 -> 3 | Z37: 3 | AA37: =ROUND(M37-K37,2) -> 18.91 | AB37: =ROUND(IF(J37=0,1,L37/J37),3) -> 1 | AD37: т | AE37: 0 | AF37: 0 | AG37: =AF37*B37 -> 0
A38: 17 | B38: 1 | C38: =D38*B38 -> 3 | D38: 3 | F38: 1.1-1-1717 | G38: Плитки половые чугунные, размеры 250х250х30 мм | H38: т | I38: 2.854645 | J38: 0 | K38: =ROUND(J38*I38,2) -> 0 | L38: 2868.13 | M38: =ROUND(L38*I38,2) -> 8187.49 | N38: 0 | O38: =ROUND(N38*I38,2) -> 0 | P38: 1 | Q38: 1 | R38: 1 | S38: 1 | T38: 1 | U38: 1 | V38: 2868.13 | W38: =ROUND(V38*I38,2) -> 8187.49 | X38: 0 | Y38: =Z38*B38 -> 3 | Z38: 3 | AA38: =ROUND(M38-K38,2) -> 8187.49 | AB38: =ROUND(IF(J38=0,1,L38/J38),3) -> 1 | AD38: т | AE38: 0 | AF38: 0 | AG38: =AF38*B38 -> 0
A39: 17 | B39: 1 | C39: =D39*B39 -> 3 | D39: 3 | F39: 1.1-1-2090 | G39: Напольное покрытие полиуретановое рулонное, с наполнителем из резиновой крошки фракции 2-3 мм, прочность на разрыв 7-8 кг/см2, относительное удлинение 120%, температура эксплуатации от -50 до +70°С, толщина 8 мм | H39: м2 | I39: 12.947 | J39: 0 | K39: =ROUND(J39*I39,2) -> 0 | L39: 143.37 | M39: =ROUND(L39*I39,2) -> 1856.21 | N39: 0 | O39: =ROUND(N39*I39,2) -> 0 | P39: 1 | Q39: 1 | R39: 1 | S39: 1 | T39: 1 | U39: 1 | V39: 143.37 | W39: =ROUND(V39*I39,2) -> 1856.21 | X39: 0 | Y39: =Z39*B39 -> 3 | Z39: 3 | AA39: =ROUND(M39-K39,2) -> 1856.21 | AB39: =ROUND(IF(J39=0,1,L39/J39),3) -> 1 | AD39: м2 | AE39: 0 | AF39: 0 | AG39: =AF39*B39 -> 0
A40: 17 | B40: 1 | C40: =D40*B40 -> 3 | D40: 3 | F40: 1.1-1-389 | G40: Клей на основе акриловой дисперсии, АДМ-К | H40: т | I40: 0.005602 | J40: 0 | K40: =ROUND(J40*I40,2) -> 0 | L40: 43326.77 | M40: =ROUND(L40*I40,2) -> 242.72 | N40: 0 | O40: =ROUND(N40*I40,2) -> 0 | P40: 1 | Q40: 1 | R40: 1 | S40: 1 | T40: 1 | U40: 1 | V40: 43326.77 | W40: =ROUND(V40*I40,2) -> 242.72 | X40: 0 | Y40: =Z40*B40 -> 3 | Z40: 3 | AA40: =ROUND(M40-K40,2) -> 242.72 | AB40: =ROUND(IF(J40=0,1,L40/J40),3) -> 1 | AD40: т | AE40: 0 | AF40: 0 | AG40: =AF40*B40 -> 0
A41: 17 | B41: 1 | C41: =D41*B41 -> 3 | D41: 3 | F41: 1.1-1-766 | G41: Песок для строительных работ, рядовой | H41: м3 | I41: 1.696158 | J41: 0 | K41: =ROUND(J41*I41,2) -> 0 | L41: 104.99 | M41: =ROUND(L41*I41,2) -> 178.08 | N41: 0 | O41: =ROUND(N41*I41,2) -> 0 | P41: 1 | Q41: 1 | R41: 1 | S41: 1 | T41: 1 | U41: 1 | V41: 104.99 | W41: =ROUND(V41*I41,2) -> 178.08 | X41: 0 | Y41: =Z41*B41 -> 3 | Z41: 3 | AA41: =ROUND(M41-K41,2) -> 178.08 | AB41: =ROUND(IF(J41=0,1,L41/J41),3) -> 1 | AD41: м3 | AE41: 0 | AF41: 0 | AG41: =AF41*B41 -> 0
A42: 17 | B42: 1 | C42: =D42*B42 -> 3 | D42: 3 | F42: 1.11-1-221 | G42: Плиты облицовочные гранитные пиленые, толщина 10 мм, месторождение: Куртинское | H42: м2 | I42: 59.06 | J42: 0 | K42: =ROUND(J42*I42,2) -> 0 | L42: 772.64 | M42: =ROUND(L42*I42,2) -> 45632.12 | N42: 0 | O42: =ROUND(N42*I42,2) -> 0 | P42: 1 | Q42: 1 | R42: 1 | S42: 1 | T42: 1 | U42: 1 | V42: 772.64 | W42: =ROUND(V42*I42,2) -> 45632.12 | X42: 0 | Y42: =Z42*B42 -> 3 | Z42: 3 | AA42: =ROUND(M42-K42,2) -> 45632.12 | AB42: =ROUND(IF(J42=0,1,L42/J42),3) -> 1 | AD42: м2 | AE42: 0 | AF42: 0 | AG42: =AF42*B42 -> 0
A43: 17 | B43: 1 | C43: =D43*B43 -> 3 | D43: 3 | F43: 1.3-1-34 | G43: Смеси бетонные, БСГ, тяжелого бетона на гранитном щебне, класс прочности В3,5 (М50); фракция 5-20 | H43: м3 | I43: 2.27263 | J43: 0 | K43: =ROUND(J43*I43,2) -> 0 | L43: 514.9 | M43: =ROUND(L43*I43,2) -> 1170.18 | N43: 0 | O43: =ROUND(N43*I43,2) -> 0 | P43: 1 | Q43: 1 | R43: 1 | S43: 1 | T43: 1 | U43: 1 | V43: 514.9 | W43: =ROUND(V43*I43,2) -> 1170.18 | X43: 0 | Y43: =Z43*B43 -> 3 | Z43: 3 | AA43: =ROUND(M43-K43,2) -> 1170.18 | AB43: =ROUND(IF(J43=0,1,L43/J43),3) -> 1 | AD43: м3 | AE43: 0 | AF43: 0 | AG43: =AF43*B43 -> 0
A44: 17 | B44: 1 | C44: =D44*B44 -> 3 | D44: 3 | F44: 1.3-1-41 | G44: Смеси бетонные, БСГ, тяжелого бетона на гранитном щебне, класс прочности В25 (М350); П3, фракция 5-20, F150, W6 | H44: м3 | I44: 4.6372 | J44: 0 | K44: =ROUND(J44*I44,2) -> 0 | L44: 745.24 | M44: =ROUND(L44*I44,2) -> 3455.83 | N44: 0 | O44: =ROUND(N44*I44,2) -> 0 | P44: 1 | Q44: 1 | R44: 1 | S44: 1 | T44: 1 | U44: 1 | V44: 745.24 | W44: =ROUND(V44*I44,2) -> 3455.83 | X44: 0 | Y44: =Z44*B44 -> 3 | Z44: 3 | AA44: =ROUND(M44-K44,2) -> 3455.83 | AB44: =ROUND(IF(J44=0,1,L44/J44),3) -> 1 | AD44: м3 | AE44: 0 | AF44: 0 | AG44: =AF44*B44 -> 0
A45: 17 | B45: 1 | C45: =D45*B45 -> 3 | D45: 3 | F45: 1.3-2-4 | G45: Растворы цементные, марка 75 | H45: м3 | I45: 1.7718 | J45: 0 | K45: =ROUND(J45*I45,2) -> 0 | L45: 396.06 | M45: =ROUND(L45*I45,2) -> 701.74 | N45: 0 | O45: =ROUND(N45*I45,2) -> 0 | P45: 1 | Q45: 1 | R45: 1 | S45: 1 | T45: 1 | U45: 1 | V45: 396.06 | W45: =ROUND(V45*I45,2) -> 701.74 | X45: 0 | Y45: =Z45*B45 -> 3 | Z45: 3 | AA45: =ROUND(M45-K45,2) -> 701.74 | AB45: =ROUND(IF(J45=0,1,L45/J45),3) -> 1 | AD45: м3 | AE45: 0 | AF45: 0 | AG45: =AF45*B45 -> 0
A46: 17 | B46: 1 | C46: =D46*B46 -> 3 | D46: 3 | F46: 1.3-4-1 | G46: Арматурные заготовки (стержни, хомуты и т.п.), не собранные в каркасы или сетки, углеродистая сталь общего назначения и арматурная сталь гладкая, класс А-I, диаметр 6-7 мм | H46: т | I46: 0.125272 | J46: 0 | K46: =ROUND(J46*I46,2) -> 0 | L46: 5681.92 | M46: =ROUND(L46*I46,2) -> 711.79 | N46: 0 | O46: =ROUND(N46*I46,2) -> 0 | P46: 1 | Q46: 1 | R46: 1 | S46: 1 | T46: 1 | U46: 1 | V46: 5681.92 | W46: =ROUND(V46*I46,2) -> 711.79 | X46: 0 | Y46: =Z46*B46 -> 3 | Z46: 3 | AA46: =ROUND(M46-K46,2) -> 711.79 | AB46: =ROUND(IF(J46=0,1,L46/J46),3) -> 1 | AD46: т | AE46: 0 | AF46: 0 | AG46: =AF46*B46 -> 0
... A48: 17 | B48: 1 | C48: =D48*B48 -> 3 | D48: 3 | F48: 1.7-9-13 | G48: Столбики для ограды газонной, чугунные, длина 1000 мм | H48: шт. | I48: 54 | J48: 0 | K48: =ROUND(J48*I48,2) -> 0 | L48: 697.61 | M48: =ROUND(L48*I48,2) -> 37670.94 | N48: 0 | O48: =ROUND(N48*I48,2) -> 0 | P48: 1 | Q48: 1 | R48: 1 | S48: 1 | T48: 1 | U48: 1 | V48: 697.61 | W48: =ROUND(V48*I48,2) -> 37670.94 | X48: 0 | Y48: =Z48*B48 -> 3 | Z48: 3 | AA48: =ROUND(M48-K48,2) -> 37670.94 | AB48: =ROUND(IF(J48=0,1,L48/J48),3) -> 1 | AD48: шт. | AE48: 0 | AF48: 0 | AG48: =AF48*B48 -> 0
A49: 17 | B49: 1 | C49: =D49*B49 -> 3 | D49: 3 | F49: 5262154000 | G49: Столбики чугунные газонного ограждения | H49: шт. | I49: 16 | J49: 0 | K49: =ROUND(J49*I49,2) -> 0 | L49: 0 | M49: =ROUND(L49*I49,2) -> 0 | N49: 0 | O49: =ROUND(N49*I49,2) -> 0 | P49: 1 | Q49: 1 | R49: 1 | S49: 1 | T49: 1 | U49: 1 | V49: =ROUND(L49*Q49,2) -> 0 | W49: =ROUND(V49*I49,2) -> 0 | X49: 0 | Y49: =Z49*B49 -> 3 | Z49: 3 | AA49: =ROUND(M49-K49,2) -> 0 | AB49: =ROUND(IF(J49=0,1,L49/J49),3) -> 1 | AD49: шт. | AE49: 0 | AF49: 0 | AG49: =AF49*B49 -> 0
A50: 17 | B50: 1 | C50: =D50*B50 -> 3 | D50: 3 | F50: 9999990006 | G50: Стоимость прочих материалов (ЭСН) | H50: руб. | I50: 4.569222 | J50: 1 | K50: =ROUND(J50*I50,2) -> 4.57 | L50: 1 | M50: =ROUND(L50*I50,2) -> 4.57 | N50: 0 | O50: =ROUND(N50*I50,2) -> 0 | P50: 1 | Q50: 1 | R50: 1 | S50: 1 | T50: 1 | U50: 1 | V50: 1 | W50: =ROUND(V50*I50,2) -> 4.57 | X50: 0 | Y50: =Z50*B50 -> 3 | Z50: 3 | AA50: =ROUND(M50-K50,2) -> 0 | AB50: =ROUND(IF(J50=0,1,L50/J50),3) -> 1 | AD50: руб. | AE50: 0 | AF50: 0 | AG50: =AF50*B50 -> 0
A52: 4 | B52: 1 | F52: Потолок | G52: Потолок | I52: 0 | K52: 0 | S52: 0 | V52: 0 | BX52: 0 | CJ52: 0
A54: 17 | B54: 1 | C54: =D54*B54 -> 3 | D54: 3 | F54: 1.1-1-1029 | G54: Сетка проволочная штукатурная тканая, квадрат 5х5 мм, толщина 1,6 мм | H54: м2 | I54: 0.27977 | J54: 0 | K54: =ROUND(J54*I54,2) -> 0 | L54: 33.56 | M54: =ROUND(L54*I54,2) -> 9.39 | N54: 0 | O54: =ROUND(N54*I54,2) -> 0 | P54: 1 | Q54: 1 | R54: 1 | S54: 1 | T54: 1 | U54: 1 | V54: 33.56 | W54: =ROUND(V54*I54,2) -> 9.39 | X54: 0 | Y54: =Z54*B54 -> 3 | Z54: 3 | AA54: =ROUND(M54-K54,2) -> 9.39 | AB54: =ROUND(IF(J54=0,1,L54/J54),3) -> 1 | AD54: м2 | AE54: 0 | AF54: 0 | AG54: =AF54*B54 -> 0
A55: 17 | B55: 1 | C55: =D55*B55 -> 3 | D55: 3 | F55: 1.1-1-118 | G55: Вода | H55: м3 | I55: 0.00543 | J55: 0 | K55: =ROUND(J55*I55,2) -> 0 | L55: 7.07 | M55: =ROUND(L55*I55,2) -> 0.04 | N55: 0 | O55: =ROUND(N55*I55,2) -> 0 | P55: 1 | Q55: 1 | R55: 1 | S55: 1 | T55: 1 | U55: 1 | V55: 7.07 | W55: =ROUND(V55*I55,2) -> 0.04 | X55: 0 | Y55: =Z55*B55 -> 3 | Z55: 3 | AA55: =ROUND(M55-K55,2) -> 0.04 | AB55: =ROUND(IF(J55=0,1,L55/J55),3) -> 1 | AD55: м3 | AE55: 0 | AF55: 0 | AG55: =AF55*B55 -> 0
A56: 17 | B56: 1 | C56: =D56*B56 -> 3 | D56: 3 | F56: 1.1-1-1478 | G56: Шпатлевка водно-дисперсионная акриловая | H56: т | I56: 0.002778 | J56: 0 | K56: =ROUND(J56*I56,2) -> 0 | L56: 13953.6 | M56: =ROUND(L56*I56,2) -> 38.76 | N56: 0 | O56: =ROUND(N56*I56,2) -> 0 | P56: 1 | Q56: 1 | R56: 1 | S56: 1 | T56: 1 | U56: 1 | V56: 13953.6 | W56: =ROUND(V56*I56,2) -> 38.76 | X56: 0 | Y56: =Z56*B56 -> 3 | Z56: 3 | AA56: =ROUND(M56-K56,2) -> 38.76 | AB56: =ROUND(IF(J56=0,1,L56/J56),3) -> 1 | AD56: т | AE56: 0 | AF56: 0 | AG56: =AF56*B56 -> 0
A57: 17 | B57: 1 | C57: =D57*B57 -> 3 | D57: 3 | F57: 1.1-1-2180 | G57: Краска водно-дисперсионная, акриловая, с коллоидным раствором серебра, биологически активная, для внутренних работ, ручного и механизированного нанесения, сухой остаток от 56 до 62%, водородный показатель не менее рН 8,5, для окраски помещений медицинских учреждений, детских садов, школ, предприятий общественного питания и прочих мест массового посещения людей | H57: т | I57: 0.003182 | J57: 0 | K57: =ROUND(J57*I57,2) -> 0 | L57: 33030.4 | M57: =ROUND(L57*I57,2) -> 105.1 | N57: 0 | O57: =ROUND(N57*I57,2) -> 0 | P57: 1 | Q57: 1 | R57: 1 | S57: 1 | T57: 1 | U57: 1 | V57: 33030.4 | W57: =ROUND(V57*I57,2) -> 105.1 | X57: 0 | Y57: =Z57*B57 -> 3 | Z57: 3 | AA57: =ROUND(M57-K57,2) -> 105.1 | AB57: =ROUND(IF(J57=0,1,L57/J57),3) -> 1 | AD57: т | AE57: 0 | AF57: 0 | AG57: =AF57*B57 -> 0
A58: 17 | B58: 1 | C58: =D58*B58 -> 3 | D58: 3 | F58: 1.3-2-13 | G58: Растворы цементно-известковые, марка 75 | H58: м3 | I58: 0.077568 | J58: 0 | K58: =ROUND(J58*I58,2) -> 0 | L58: 481.69 | M58: =ROUND(L58*I58,2) -> 37.36 | N58: 0 | O58: =ROUND(N58*I58,2) -> 0 | P58: 1 | Q58: 1 | R58: 1 | S58: 1 | T58: 1 | U58: 1 | V58: 481.69 | W58: =ROUND(V58*I58,2) -> 37.36 | X58: 0 | Y58: =Z58*B58 -> 3 | Z58: 3 | AA58: =ROUND(M58-K58,2) -> 37.36 | AB58: =ROUND(IF(J58=0,1,L58/J58),3) -> 1 | AD58: м3 | AE58: 0 | AF58: 0 | AG58: =AF58*B58 -> 0
A59: 17 | B59: 1 | C59: =D59*B59 -> 3 | D59: 3 | F59: 1.3-2-24 | G59: Смеси сухие штукатурные цементно-песчаные для внутренних и наружных работ, бездобавочные, В12,5 (М150), F50, крупность заполнителя не более 0,5 мм | H59: т | I59: 0.031027 | J59: 0 | K59: =ROUND(J59*I59,2) -> 0 | L59: 796.76 | M59: =ROUND(L59*I59,2) -> 24.72 | N59: 0 | O59: =ROUND(N59*I59,2) -> 0 | P59: 1 | Q59: 1 | R59: 1 | S59: 1 | T59: 1 | U59: 1 | V59: 796.76 | W59: =ROUND(V59*I59,2) -> 24.72 | X59: 0 | Y59: =Z59*B59 -> 3 | Z59: 3 | AA59: =ROUND(M59-K59,2) -> 24.72 | AB59: =ROUND(IF(J59=0,1,L59/J59),3) -> 1 | AD59: т | AE59: 0 | AF59: 0 | AG59: =AF59*B59 -> 0
A60: 17 | B60: 1 | C60: =D60*B60 -> 3 | D60: 3 | F60: 9999990006 | G60: Стоимость прочих материалов (ЭСН) | H60: руб. | I60: 0.47066 | J60: 1 | K60: =ROUND(J60*I60,2) -> 0.47 | L60: 1 | M60: =ROUND(L60*I60,2) -> 0.47 | N60: 0 | O60: =ROUND(N60*I60,2) -> 0 | P60: 1 | Q60: 1 | R60: 1 | S60: 1 | T60: 1 | U60: 1 | V60: 1 | W60: =ROUND(V60*I60,2) -> 0.47 | X60: 0 | Y60: =Z60*B60 -> 3 | Z60: 3 | AA60: =ROUND(M60-K60,2) -> 0 | AB60: =ROUND(IF(J60=0,1,L60/J60),3) -> 1 | AD60: руб. | AE60: 0 | AF60: 0 | AG60: =AF60*B60 -> 0
A62: 4 | B62: 1 | F62: Стены | G62: Стены | I62: 0 | K62: 0 | S62: 0 | V62: 0 | BX62: 0 | CJ62: 0
A64: 17 | B64: 1 | C64: =D64*B64 -> 3 | D64: 3 | F64: 1.1-1-1029 | G64: Сетка проволочная штукатурная тканая, квадрат 5х5 мм, толщина 1,6 мм | H64: м2 | I64: 17.604 | J64: 0 | K64: =ROUND(J64*I64,2) -> 0 | L64: 33.56 | M64: =ROUND(L64*I64,2) -> 590.79 | N64: 0 | O64: =ROUND(N64*I64,2) -> 0 | P64: 1 | Q64: 1 | R64: 1 | S64: 1 | T64: 1 | U64: 1 | V64: 33.56 | W64: =ROUND(V64*I64,2) -> 590.79 | X64: 0 | Y64: =Z64*B64 -> 3 | Z64: 3 | AA64: =ROUND(M64-K64,2) -> 590.79 | AB64: =ROUND(IF(J64=0,1,L64/J64),3) -> 1 | AD64: м2 | AE64: 0 | AF64: 0 | AG64: =AF64*B64 -> 0
A65: 17 | B65: 1 | C65: =D65*B65 -> 3 | D65: 3 | F65: 1.1-1-118 | G65: Вода | H65: м3 | I65: 0.029712 | J65: 0 | K65: =ROUND(J65*I65,2) -> 0 | L65: 7.07 | M65: =ROUND(L65*I65,2) -> 0.21 | N65: 0 | O65: =ROUND(N65*I65,2) -> 0 | P65: 1 | Q65: 1 | R65: 1 | S65: 1 | T65: 1 | U65: 1 | V65: 7.07 | W65: =ROUND(V65*I65,2) -> 0.21 | X65: 0 | Y65: =Z65*B65 -> 3 | Z65: 3 | AA65: =ROUND(M65-K65,2) -> 0.21 | AB65: =ROUND(IF(J65=0,1,L65/J65),3) -> 1 | AD65: м3 | AE65: 0 | AF65: 0 | AG65: =AF65*B65 -> 0
A66: 17 | B66: 1 | C66: =D66*B66 -> 3 | D66: 3 | F66: 1.1-1-1478 | G66: Шпатлевка водно-дисперсионная акриловая | H66: т | I66: 0.008313 | J66: 0 | K66: =ROUND(J66*I66,2) -> 0 | L66: 13953.6 | M66: =ROUND(L66*I66,2) -> 116 | N66: 0 | O66: =ROUND(N66*I66,2) -> 0 | P66: 1 | Q66: 1 | R66: 1 | S66: 1 | T66: 1 | U66: 1 | V66: 13953.6 | W66: =ROUND(V66*I66,2) -> 116 | X66: 0 | Y66: =Z66*B66 -> 3 | Z66: 3 | AA66: =ROUND(M66-K66,2) -> 116 | AB66: =ROUND(IF(J66=0,1,L66/J66),3) -> 1 | AD66: т | AE66: 0 | AF66: 0 | AG66: =AF66*B66 -> 0
A67: 17 | B67: 1 | C67: =D67*B67 -> 3 | D67: 3 | F67: 1.1-1-2180 | G67: Краска водно-дисперсионная, акриловая, с коллоидным раствором серебра, биологически активная, для внутренних работ, ручного и механизированного нанесения, сухой остаток от 56 до 62%, водородный показатель не менее рН 8,5, для окраски помещений медицинских учреждений, детских садов, школ, предприятий общественного питания и прочих мест массового посещения людей | H67: т | I67: 0.010269 | J67: 0 | K67: =ROUND(J67*I67,2) -> 0 | L67: 33030.4 | M67: =ROUND(L67*I67,2) -> 339.19 | N67: 0 | O67: =ROUND(N67*I67,2) -> 0 | P67: 1 | Q67: 1 | R67: 1 | S67: 1 | T67: 1 | U67: 1 | V67: 33030.4 | W67: =ROUND(V67*I67,2) -> 339.19 | X67: 0 | Y67: =Z67*B67 -> 3 | Z67: 3 | AA67: =ROUND(M67-K67,2) -> 339.19 | AB67: =ROUND(IF(J67=0,1,L67/J67),3) -> 1 | AD67: т | AE67: 0 | AF67: 0 | AG67: =AF67*B67 -> 0
A68: 17 | B68: 1 | C68: =D68*B68 -> 3 | D68: 3 | F68: 1.1-1-236 | G68: Дюбели с насаженными шайбами | H68: т | I68: 0.000408 | J68: 0 | K68: =ROUND(J68*I68,2) -> 0 | L68: 20166.44 | M68: =ROUND(L68*I68,2) -> 8.23 | N68: 0 | O68: =ROUND(N68*I68,2) -> 0 | P68: 1 | Q68: 1 | R68: 1 | S68: 1 | T68: 1 | U68: 1 | V68: 20166.44 | W68: =ROUND(V68*I68,2) -> 8.23 | X68: 0 | Y68: =Z68*B68 -> 3 | Z68: 3 | AA68: =ROUND(M68-K68,2) -> 8.23 | AB68: =ROUND(IF(J68=0,1,L68/J68),3) -> 1 | AD68: т | AE68: 0 | AF68: 0 | AG68: =AF68*B68 -> 0
A69: 17 | B69: 1 | C69: =D69*B69 -> 3 | D69: 3 | F69: 1.1-1-740 | G69: Пакля пропитанная | H69: кг | I69: 1.956 | J69: 0 | K69: =ROUND(J69*I69,2) -> 0 | L69: 9.86 | M69: =ROUND(L69*I69,2) -> 19.29 | N69: 0 | O69: =ROUND(N69*I69,2) -> 0 | P69: 1 | Q69: 1 | R69: 1 | S69: 1 | T69: 1 | U69: 1 | V69: 9.86 | W69: =ROUND(V69*I69,2) -> 19.29 | X69: 0 | Y69: =Z69*B69 -> 3 | Z69: 3 | AA69: =ROUND(M69-K69,2) -> 19.29 | AB69: =ROUND(IF(J69=0,1,L69/J69),3) -> 1 | AD69: кг | AE69: 0 | AF69: 0 | AG69: =AF69*B69 -> 0
A70: 17 | B70: 1 | C70: =D70*B70 -> 3 | D70: 3 | F70: 1.3-2-13 | G70: Растворы цементно-известковые, марка 75 | H70: м3 | I70: 0.424452 | J70: 0 | K70: =ROUND(J70*I70,2) -> 0 | L70: 481.69 | M70: =ROUND(L70*I70,2) -> 204.45 | N70: 0 | O70: =ROUND(N70*I70,2) -> 0 | P70: 1 | Q70: 1 | R70: 1 | S70: 1 | T70: 1 | U70: 1 | V70: 481.69 | W70: =ROUND(V70*I70,2) -> 204.45 | X70: 0 | Y70: =Z70*B70 -> 3 | Z70: 3 | AA70: =ROUND(M70-K70,2) -> 204.45 | AB70: =ROUND(IF(J70=0,1,L70/J70),3) -> 1 | AD70: м3 | AE70: 0 | AF70: 0 | AG70: =AF70*B70 -> 0
A71: 17 | B71: 1 | C71: =D71*B71 -> 3 | D71: 3 | F71: 1.3-2-24 | G71: Смеси сухие штукатурные цементно-песчаные для внутренних и наружных работ, бездобавочные, В12,5 (М150), F50, крупность заполнителя не более 0,5 мм | H71: т | I71: 0.169781 | J71: 0 | K71: =ROUND(J71*I71,2) -> 0 | L71: 796.76 | M71: =ROUND(L71*I71,2) -> 135.27 | N71: 0 | O71: =ROUND(N71*I71,2) -> 0 | P71: 1 | Q71: 1 | R71: 1 | S71: 1 | T71: 1 | U71: 1 | V71: 796.76 | W71: =ROUND(V71*I71,2) -> 135.27 | X71: 0 | Y71: =Z71*B71 -> 3 | Z71: 3 | AA71: =ROUND(M71-K71,2) -> 135.27 | AB71: =ROUND(IF(J71=0,1,L71/J71),3) -> 1 | AD71: т | AE71: 0 | AF71: 0 | AG71: =AF71*B71 -> 0
A72: 17 | B72: 1 | C72: =D72*B72 -> 3 | D72: 3 | F72: 9999990006 | G72: Стоимость прочих материалов (ЭСН) | H72: руб. | I72: 1.48167 | J72: 1 | K72: =ROUND(J72*I72,2) -> 1.48 | L72: 1 | M72: =ROUND(L72*I72,2) -> 1.48 | N72: 0 | O72: =ROUND(N72*I72,2) -> 0 | P72: 1 | Q72: 1 | R72: 1 | S72: 1 | T72: 1 | U72: 1 | V72: 1 | W72: =ROUND(V72*I72,2) -> 1.48 | X72: 0 | Y72: =Z72*B72 -> 3 | Z72: 3 | AA72: =ROUND(M72-K72,2) -> 0 | AB72: =ROUND(IF(J72=0,1,L72/J72),3) -> 1 | AD72: руб. | AE72: 0 | AF72: 0 | AG72: =AF72*B72 -> 0
A74: 4 | B74: 1 | F74: Двери | G74: Двери | I74: 0 | K74: 0 | S74: 0 | V74: 0 | BX74: 0 | CJ74: 0
A76: 17 | B76: 1 | C76: =D76*B76 -> 3 | D76: 3 | F76: 1.1-1-2470 | G76: Герметик акриловый, дисперсионный, пластоэластичный, для наружных работ, модуль упругости 0,25 Н/мм2, усадка до -15%, диапазон температур применения от -25 до +80°С, для швов с деформационной подвижностью до 15%, окрашиваемый | H76: л | I76: 1.053 | J76: 0 | K76: =ROUND(J76*I76,2) -> 0 | L76: 177.8 | M76: =ROUND(L76*I76,2) -> 187.22 | N76: 0 | O76: =ROUND(N76*I76,2) -> 0 | P76: 1 | Q76: 1 | R76: 1 | S76: 1 | T76: 1 | U76: 1 | V76: 177.8 | W76: =ROUND(V76*I76,2) -> 187.22 | X76: 0 | Y76: =Z76*B76 -> 3 | Z76: 3 | AA76: =ROUND(M76-K76,2) -> 187.22 | AB76: =ROUND(IF(J76=0,1,L76/J76),3) -> 1 | AD76: л | AE76: 0 | AF76: 0 | AG76: =AF76*B76 -> 0
A77: 17 | B77: 1 | C77: =D77*B77 -> 3 | D77: 3 | F77: 1.1-1-2627 | G77: Винты самонарезающие 5х40 мм для металла | H77: кг | I77: 0.06 | J77: 0 | K77: =ROUND(J77*I77,2) -> 0 | L77: 20.63 | M77: =ROUND(L77*I77,2) -> 1.24 | N77: 0 | O77: =ROUND(N77*I77,2) -> 0 | P77: 1 | Q77: 1 | R77: 1 | S77: 1 | T77: 1 | U77: 1 | V77: 20.63 | W77: =ROUND(V77*I77,2) -> 1.24 | X77: 0 | Y77: =Z77*B77 -> 3 | Z77: 3 | AA77: =ROUND(M77-K77,2) -> 1.24 | AB77: =ROUND(IF(J77=0,1,L77/J77),3) -> 1 | AD77: кг | AE77: 0 | AF77: 0 | AG77: =AF77*B77 -> 0
A78: 17 | B78: 1 | C78: =D78*B78 -> 3 | D78: 3 | F78: 1.1-1-3571 | G78: Пена монтажная противопожарная, обеспечивающая акустическую и термическую изоляцию, предел огнестойкости ЕI 60 | H78: л | I78: 2.007 | J78: 0 | K78: =ROUND(J78*I78,2) -> 0 | L78: 125.73 | M78: =ROUND(L78*I78,2) -> 252.34 | N78: 0 | O78: =ROUND(N78*I78,2) -> 0 | P78: 1 | Q78: 1 | R78: 1 | S78: 1 | T78: 1 | U78: 1 | V78: 125.73 | W78: =ROUND(V78*I78,2) -> 252.34 | X78: 0 | Y78: =Z78*B78 -> 3 | Z78: 3 | AA78: =ROUND(M78-K78,2) -> 252.34 | AB78: =ROUND(IF(J78=0,1,L78/J78),3) -> 1 | AD78: л | AE78: 0 | AF78: 0 | AG78: =AF78*B78 -> 0
A79: 17 | B79: 1 | C79: =D79*B79 -> 3 | D79: 3 | F79: 1.1-1-79 | G79: Бруски хвойных пород обрезные, длина 2-6,5 м, сорт III, толщина 50-60 мм | H79: м3 | I79: 0.0006 | J79: 0 | K79: =ROUND(J79*I79,2) -> 0 | L79: 2472.13 | M79: =ROUND(L79*I79,2) -> 1.48 | N79: 0 | O79: =ROUND(N79*I79,2) -> 0 | P79: 1 | Q79: 1 | R79: 1 | S79: 1 | T79: 1 | U79: 1 | V79: 2472.13 | W79: =ROUND(V79*I79,2) -> 1.48 | X79: 0 | Y79: =Z79*B79 -> 3 | Z79: 3 | AA79: =ROUND(M79-K79,2) -> 1.48 | AB79: =ROUND(IF(J79=0,1,L79/J79),3) -> 1 | AD79: м3 | AE79: 0 | AF79: 0 | AG79: =AF79*B79 -> 0
A80: 17 | B80: 1 | C80: =D80*B80 -> 3 | D80: 3 | F80: 1.3-2-6 | G80: Растворы цементные, марка 150 | H80: м3 | I80: 0.0042 | J80: 0 | K80: =ROUND(J80*I80,2) -> 0 | L80: 478.96 | M80: =ROUND(L80*I80,2) -> 2.01 | N80: 0 | O80: =ROUND(N80*I80,2) -> 0 | P80: 1 | Q80: 1 | R80: 1 | S80: 1 | T80: 1 | U80: 1 | V80: 478.96 | W80: =ROUND(V80*I80,2) -> 2.01 | X80: 0 | Y80: =Z80*B80 -> 3 | Z80: 3 | AA80: =ROUND(M80-K80,2) -> 2.01 | AB80: =ROUND(IF(J80=0,1,L80/J80),3) -> 1 | AD80: м3 | AE80: 0 | AF80: 0 | AG80: =AF80*B80 -> 0
A81: 17 | B81: 1 | C81: =D81*B81 -> 3 | D81: 3 | F81: 1.7-2-109 | G81: Блоки дверные металлические противопожарные с заполнением минеральной ватой, остекленные стеклом толщиной 21 мм (0,24 м2), окрашенные порошковыми красками, предел огнестойкости EI 60, двупольные, 1500х2100 мм, масса 196,5 кг, с замком-защелкой, без доводчика | H81: т | I81: 0.5895 | J81: 0 | K81: =ROUND(J81*I81,2) -> 0 | L81: 54315.42 | M81: =ROUND(L81*I81,2) -> 32018.94 | N81: 0 | O81: =ROUND(N81*I81,2) -> 0 | P81: 1 | Q81: 1 | R81: 1 | S81: 1 | T81: 1 | U81: 1 | V81: 54315.42 | W81: =ROUND(V81*I81,2) -> 32018.94 | X81: 0 | Y81: =Z81*B81 -> 3 | Z81: 3 | AA81: =ROUND(M81-K81,2) -> 32018.94 | AB81: =ROUND(IF(J81=0,1,L81/J81),3) -> 1 | AD81: т | AE81: 0 | AF81: 0 | AG81: =AF81*B81 -> 0
A82: 17 | B82: 1 | C82: =D82*B82 -> 3 | D82: 3 | F82: 1.7-3-122 | G82: Бур с наконечником из твердого сплава, с хвостовиком SDS-plus, диаметр 10 мм, длина 260 мм | H82: шт. | I82: 0.24 | J82: 0 | K82: =ROUND(J82*I82,2) -> 0 | L82: 14.23 | M82: =ROUND(L82*I82,2) -> 3.42 | N82: 0 | O82: =ROUND(N82*I82,2) -> 0 | P82: 1 | Q82: 1 | R82: 1 | S82: 1 | T82: 1 | U82: 1 | V82: 14.23 | W82: =ROUND(V82*I82,2) -> 3.42 | X82: 0 | Y82: =Z82*B82 -> 3 | Z82: 3 | AA82: =ROUND(M82-K82,2) -> 3.42 | AB82: =ROUND(IF(J82=0,1,L82/J82),3) -> 1 | AD82: шт. | AE82: 0 | AF82: 0 | AG82: =AF82*B82 -> 0
A83: 17 | B83: 1 | C83: =D83*B83 -> 3 | D83: 3 | F83: 1.7-5-156 | G83: Анкер-шпилька распорный, высокоэффективный, с шестигранной гайкой и шайбой, из оцинкованной стали, для использования в бетоне с трещинами, диаметр 10 мм, длина 130 мм, толщина прикрепляемой детали минимальная/максимальная 50/70 мм | H83: шт. | I83: 24 | J83: 0 | K83: =ROUND(J83*I83,2) -> 0 | L83: 27.22 | M83: =ROUND(L83*I83,2) -> 653.28 | N83: 0 | O83: =ROUND(N83*I83,2) -> 0 | P83: 1 | Q83: 1 | R83: 1 | S83: 1 | T83: 1 | U83: 1 | V83: 27.22 | W83: =ROUND(V83*I83,2) -> 653.28 | X83: 0 | Y83: =Z83*B83 -> 3 | Z83: 3 | AA83: =ROUND(M83-K83,2) -> 653.28 | AB83: =ROUND(IF(J83=0,1,L83/J83),3) -> 1 | AD83: шт. | AE83: 0 | AF83: 0 | AG83: =AF83*B83 -> 0
A84: 17 | B84: 1 | C84: =D84*B84 -> 3 | D84: 3 | F84: 1.8-1-86 | G84: Доводчик дверной, напольный, в комплекте с крышкой и рычагом, масса двери до 300 кг | H84: КОМПЛЕКТ | I84: 3 | J84: 0 | K84: =ROUND(J84*I84,2) -> 0 | L84: 6920.41 | M84: =ROUND(L84*I84,2) -> 20761.23 | N84: 0 | O84: =ROUND(N84*I84,2) -> 0 | P84: 1 | Q84: 1 | R84: 1 | S84: 1 | T84: 1 | U84: 1 | V84: 6920.41 | W84: =ROUND(V84*I84,2) -> 20761.23 | X84: 0 | Y84: =Z84*B84 -> 3 | Z84: 3 | AA84: =ROUND(M84-K84,2) -> 20761.23 | AB84: =ROUND(IF(J84=0,1,L84/J84),3) -> 1 | AD84: КОМПЛЕКТ | AE84: 0 | AF84: 0 | AG84: =AF84*B84 -> 0
A86: 4 | B86: 1 | F86: Монтаж ограждений из поликарбоната | G86: Монтаж ограждений из поликарбоната | I86: 0 | K86: 0 | S86: 0 | V86: 0 | BX86: 0 | CJ86: 0
A88: 17 | B88: 1 | C88: =D88*B88 -> 3 | D88: 3 | F88: 1.1-1-2107 | G88: Пластик поликарбонатный ячеистый для остекления, толщина 20 мм | H88: м2 | I88: 15.9152 | J88: 0 | K88: =ROUND(J88*I88,2) -> 0 | L88: 440.17 | M88: =ROUND(L88*I88,2) -> 7005.39 | N88: 0 | O88: =ROUND(N88*I88,2) -> 0 | P88: 1 | Q88: 1 | R88: 1 | S88: 1 | T88: 1 | U88: 1 | V88: 440.17 | W88: =ROUND(V88*I88,2) -> 7005.39 | X88: 0 | Y88: =Z88*B88 -> 3 | Z88: 3 | AA88: =ROUND(M88-K88,2) -> 7005.39 | AB88: =ROUND(IF(J88=0,1,L88/J88),3) -> 1 | AD88: м2 | AE88: 0 | AF88: 0 | AG88: =AF88*B88 -> 0
A89: 17 | B89: 1 | C89: =D89*B89 -> 3 | D89: 3 | F89: 1.1-1-3791 | G89: Прокладки резиновые уплотнительные для профилей алюминиевых, ширина 13,5 мм | H89: м | I89: 7.543648 | J89: 0 | K89: =ROUND(J89*I89,2) -> 0 | L89: 4.2 | M89: =ROUND(L89*I89,2) -> 31.68 | N89: 0 | O89: =ROUND(N89*I89,2) -> 0 | P89: 1 | Q89: 1 | R89: 1 | S89: 1 | T89: 1 | U89: 1 | V89: 4.2 | W89: =ROUND(V89*I89,2) -> 31.68 | X89: 0 | Y89: =Z89*B89 -> 3 | Z89: 3 | AA89: =ROUND(M89-K89,2) -> 31.68 | AB89: =ROUND(IF(J89=0,1,L89/J89),3) -> 1 | AD89: м | AE89: 0 | AF89: 0 | AG89: =AF89*B89 -> 0
A90: 17 | B90: 1 | C90: =D90*B90 -> 3 | D90: 3 | F90: 1.1-1-3792 | G90: Прокладки резиновые уплотнительные для профилей алюминиевых, ширина 60 мм | H90: м | I90: 7.543648 | J90: 0 | K90: =ROUND(J90*I90,2) -> 0 | L90: 14.74 | M90: =ROUND(L90*I90,2) -> 111.19 | N90: 0 | O90: =ROUND(N90*I90,2) -> 0 | P90: 1 | Q90: 1 | R90: 1 | S90: 1 | T90: 1 | U90: 1 | V90: 14.74 | W90: =ROUND(V90*I90,2) -> 111.19 | X90: 0 | Y90: =Z90*B90 -> 3 | Z90: 3 | AA90: =ROUND(M90-K90,2) -> 111.19 | AB90: =ROUND(IF(J90=0,1,L90/J90),3) -> 1 | AD90: м | AE90: 0 | AF90: 0 | AG90: =AF90*B90 -> 0
A91: 17 | B91: 1 | C91: =D91*B91 -> 3 | D91: 3 | F91: 1.1-1-3794 | G91: Ленты герметизирующие алюминиевые самоклеящиеся для сотового поликарбоната толщиной от 10 до 16 мм, ширина 38 мм, сплошные | H91: м | I91: 6.856864 | J91: 0 | K91: =ROUND(J91*I91,2) -> 0 | L91: 2.28 | M91: =ROUND(L91*I91,2) -> 15.63 | N91: 0 | O91: =ROUND(N91*I91,2) -> 0 | P91: 1 | Q91: 1 | R91: 1 | S91: 1 | T91: 1 | U91: 1 | V91: 2.28 | W91: =ROUND(V91*I91,2) -> 15.63 | X91: 0 | Y91: =Z91*B91 -> 3 | Z91: 3 | AA91: =ROUND(M91-K91,2) -> 15.63 | AB91: =ROUND(IF(J91=0,1,L91/J91),3) -> 1 | AD91: м | AE91: 0 | AF91: 0 | AG91: =AF91*B91 -> 0
A92: 17 | B92: 1 | C92: =D92*B92 -> 3 | D92: 3 | F92: 1.1-1-3797 | G92: Ленты герметизирующие алюминиевые самоклеящиеся для сотового поликарбоната толщиной от 10 до 16 мм, ширина 38 мм, перфорированные | H92: м | I92: 6.856864 | J92: 0 | K92: =ROUND(J92*I92,2) -> 0 | L92: 5.39 | M92: =ROUND(L92*I92,2) -> 36.96 | N92: 0 | O92: =ROUND(N92*I92,2) -> 0 | P92: 1 | Q92: 1 | R92: 1 | S92: 1 | T92: 1 | U92: 1 | V92: 5.39 | W92: =ROUND(V92*I92,2) -> 36.96 | X92: 0 | Y92: =Z92*B92 -> 3 | Z92: 3 | AA92: =ROUND(M92-K92,2) -> 36.96 | AB92: =ROUND(IF(J92=0,1,L92/J92),3) -> 1 | AD92: м | AE92: 0 | AF92: 0 | AG92: =AF92*B92 -> 0
A93: 17 | B93: 1 | C93: =D93*B93 -> 3 | D93: 3 | F93: 1.1-1-3801 | G93: Профили поликарбонатные торцевые для сотового поликарбоната толщиной 16 мм | H93: м | I93: 13.715296 | J93: 0 | K93: =ROUND(J93*I93,2) -> 0 | L93: 11.39 | M93: =ROUND(L93*I93,2) -> 156.22 | N93: 0 | O93: =ROUND(N93*I93,2) -> 0 | P93: 1 | Q93: 1 | R93: 1 | S93: 1 | T93: 1 | U93: 1 | V93: 11.39 | W93: =ROUND(V93*I93,2) -> 156.22 | X93: 0 | Y93: =Z93*B93 -> 3 | Z93: 3 | AA93: =ROUND(M93-K93,2) -> 156.22 | AB93: =ROUND(IF(J93=0,1,L93/J93),3) -> 1 | AD93: м | AE93: 0 | AF93: 0 | AG93: =AF93*B93 -> 0
A94: 17 | B94: 1 | C94: =D94*B94 -> 3 | D94: 3 | F94: 1.1-1-3803 | G94: Термошайбы поликарбонатные для крепления поликарбоната к металлическим конструкциям | H94: 100 шт. | I94: 0.142688 | J94: 0 | K94: =ROUND(J94*I94,2) -> 0 | L94: 168.77 | M94: =ROUND(L94*I94,2) -> 24.08 | N94: 0 | O94: =ROUND(N94*I94,2) -> 0 | P94: 1 | Q94: 1 | R94: 1 | S94: 1 | T94: 1 | U94: 1 | V94: 168.77 | W94: =ROUND(V94*I94,2) -> 24.08 | X94: 0 | Y94: =Z94*B94 -> 3 | Z94: 3 | AA94: =ROUND(M94-K94,2) -> 24.08 | AB94: =ROUND(IF(J94=0,1,L94/J94),3) -> 1 | AD94: 100 шт. | AE94: 0 | AF94: 0 | AG94: =AF94*B94 -> 0
A95: 17 | B95: 1 | C95: =D95*B95 -> 3 | D95: 3 | F95: 1.7-1-43 | G95: Винты самонарезающие оцинкованные 5х20 мм | H95: 100 шт. | I95: 0.856128 | J95: 0 | K95: =ROUND(J95*I95,2) -> 0 | L95: 69.01 | M95: =ROUND(L95*I95,2) -> 59.08 | N95: 0 | O95: =ROUND(N95*I95,2) -> 0 | P95: 1 | Q95: 1 | R95: 1 | S95: 1 | T95: 1 | U95: 1 | V95: 69.01 | W95: =ROUND(V95*I95,2) -> 59.08 | X95: 0 | Y95: =Z95*B95 -> 3 | Z95: 3 | AA95: =ROUND(M95-K95,2) -> 59.08 | AB95: =ROUND(IF(J95=0,1,L95/J95),3) -> 1 | AD95: 100 шт. | AE95: 0 | AF95: 0 | AG95: =AF95*B95 -> 0
A96: 17 | B96: 1 | C96: =D96*B96 -> 3 | D96: 3 | F96: 1.7-12-35 | G96: Профили алюминиевые системы AGS 150, ширина 51 мм, крышки | H96: м | I96: 7.543648 | J96: 0 | K96: =ROUND(J96*I96,2) -> 0 | L96: 8.1 | M96: =ROUND(L96*I96,2) -> 61.1 | N96: 0 | O96: =ROUND(N96*I96,2) -> 0 | P96: 1 | Q96: 1 | R96: 1 | S96: 1 | T96: 1 | U96: 1 | V96: 8.1 | W96: =ROUND(V96*I96,2) -> 61.1 | X96: 0 | Y96: =Z96*B96 -> 3 | Z96: 3 | AA96: =ROUND(M96-K96,2) -> 61.1 | AB96: =ROUND(IF(J96=0,1,L96/J96),3) -> 1 | AD96: м | AE96: 0 | AF96: 0 | AG96: =AF96*B96 -> 0
A97: 17 | B97: 1 | C97: =D97*B97 -> 3 | D97: 3 | F97: 1.7-12-36 | G97: Профили алюминиевые системы AGS 150, ширина 49 мм, прижимы | H97: м | I97: 7.543648 | J97: 0 | K97: =ROUND(J97*I97,2) -> 0 | L97: 17.43 | M97: =ROUND(L97*I97,2) -> 131.49 | N97: 0 | O97: =ROUND(N97*I97,2) -> 0 | P97: 1 | Q97: 1 | R97: 1 | S97: 1 | T97: 1 | U97: 1 | V97: 17.43 | W97: =ROUND(V97*I97,2) -> 131.49 | X97: 0 | Y97: =Z97*B97 -> 3 | Z97: 3 | AA97: =ROUND(M97-K97,2) -> 131.49 | AB97: =ROUND(IF(J97=0,1,L97/J97),3) -> 1 | AD97: м | AE97: 0 | AF97: 0 | AG97: =AF97*B97 -> 0
A99: 4 | B99: 1 | F99: Подъемник | G99: Подъемник | I99: 0 | K99: 0 | S99: 0 | V99: 0 | BX99: 0 | CJ99: 0
A101: 17 | B101: 1 | C101: =D101*B101 -> 3 | D101: 3 | F101: ц. пост. | G101: Мобильный лестничный гусеничный подъемник «Т09 Roby PPP» для лиц с ограниченными возможностями | H101: шт. | I101: 1 | J101: 0 | K101: =ROUND(J101*I101,2) -> 0 | L101: 68611.89 | M101: =ROUND(L101*I101,2) -> 68611.89 | N101: 0 | O101: =ROUND(N101*I101,2) -> 0 | P101: 1 | Q101: 1 | R101: 1 | S101: 1 | T101: 1 | U101: 1 | V101: 68611.89 | W101: =ROUND(V101*I101,2) -> 68611.89 | X101: 0 | Y101: =Z101*B101 -> 3 | Z101: 3 | AA101: =ROUND(M101-K101,2) -> 68611.89 | AB101: =ROUND(IF(J101=0,1,L101/J101),3) -> 1 | AD101: шт. | AE101: 3 | AF101: 1 | AG101: =AF101*B101 -> 1
A103: 4 | B103: 1 | F103: ММГН | G103: ММГН | I103: 0 | K103: 0 | S103: 0 | V103: 0 | BX103: 0 | CJ103: 0
A105: 17 | B105: 1 | C105: =D105*B105 -> 3 | D105: 3 | F105: 1.1-1-1487 | G105: Шпатлевка масляно-клеевая универсальная | H105: т | I105: 4.1e-05 | J105: 0 | K105: =ROUND(J105*I105,2) -> 0 | L105: 2278.84 | M105: =ROUND(L105*I105,2) -> 0.09 | N105: 0 | O105: =ROUND(N105*I105,2) -> 0 | P105: 1 | Q105: 1 | R105: 1 | S105: 1 | T105: 1 | U105: 1 | V105: 2278.84 | W105: =ROUND(V105*I105,2) -> 0.09 | X105: 0 | Y105: =Z105*B105 -> 3 | Z105: 3 | AA105: =ROUND(M105-K105,2) -> 0.09 | AB105: =ROUND(IF(J105=0,1,L105/J105),3) -> 1 | AD105: т | AE105: 0 | AF105: 0 | AG105: =AF105*B105 -> 0
A106: 17 | B106: 1 | C106: =D106*B106 -> 3 | D106: 3 | F106: 1.1-1-2090 | G106: Напольное покрытие полиуретановое рулонное, с наполнителем из резиновой крошки фракции 2-3 мм, прочность на разрыв 7-8 кг/см2, относительное удлинение 120%, температура эксплуатации от -50 до +70°С, толщина 8 мм | H106: м2 | I106: 1.12992 | J106: 0 | K106: =ROUND(J106*I106,2) -> 0 | L106: 143.37 | M106: =ROUND(L106*I106,2) -> 162 | N106: 0 | O106: =ROUND(N106*I106,2) -> 0 | P106: 1 | Q106: 1 | R106: 1 | S106: 1 | T106: 1 | U106: 1 | V106: 143.37 | W106: =ROUND(V106*I106,2) -> 162 | X106: 0 | Y106: =Z106*B106 -> 3 | Z106: 3 | AA106: =ROUND(M106-K106,2) -> 162 | AB106: =ROUND(IF(J106=0,1,L106/J106),3) -> 1 | AD106: м2 | AE106: 0 | AF106: 0 | AG106: =AF106*B106 -> 0
A107: 17 | B107: 1 | C107: =D107*B107 -> 3 | D107: 3 | F107: 1.1-1-3379 | G107: Клей акриловый универсальный высокопрочный для приклеивания напольных и тяжелых типов настенных покрытий | H107: кг | I107: 3.392 | J107: 0 | K107: =ROUND(J107*I107,2) -> 0 | L107: 25.43 | M107: =ROUND(L107*I107,2) -> 86.26 | N107: 0 | O107: =ROUND(N107*I107,2) -> 0 | P107: 1 | Q107: 1 | R107: 1 | S107: 1 | T107: 1 | U107: 1 | V107: 25.43 | W107: =ROUND(V107*I107,2) -> 86.26 | X107: 0 | Y107: =Z107*B107 -> 3 | Z107: 3 | AA107: =ROUND(M107-K107,2) -> 86.26 | AB107: =ROUND(IF(J107=0,1,L107/J107),3) -> 1 | AD107: кг | AE107: 0 | AF107: 0 | AG107: =AF107*B107 -> 0
A108: 17 | B108: 1 | C108: =D108*B108 -> 3 | D108: 3 | F108: 1.1-1-3552 | G108: Грунтовка акриловая концентрированная универсальная с высокой клеевой и проникающей способностью | H108: л | I108: 0.954 | J108: 0 | K108: =ROUND(J108*I108,2) -> 0 | L108: 40.17 | M108: =ROUND(L108*I108,2) -> 38.32 | N108: 0 | O108: =ROUND(N108*I108,2) -> 0 | P108: 1 | Q108: 1 | R108: 1 | S108: 1 | T108: 1 | U108: 1 | V108: 40.17 | W108: =ROUND(V108*I108,2) -> 38.32 | X108: 0 | Y108: =Z108*B108 -> 3 | Z108: 3 | AA108: =ROUND(M108-K108,2) -> 38.32 | AB108: =ROUND(IF(J108=0,1,L108/J108),3) -> 1 | AD108: л | AE108: 0 | AF108: 0 | AG108: =AF108*B108 -> 0
A109: 17 | B109: 1 | C109: =D109*B109 -> 3 | D109: 3 | F109: 1.1-1-3574 | G109: Плитка тактильная поливинилхлоридная, размеры 300х300х4 мм | H109: м2 | I109: 9.54 | J109: 0 | K109: =ROUND(J109*I109,2) -> 0 | L109: 175.56 | M109: =ROUND(L109*I109,2) -> 1674.84 | N109: 0 | O109: =ROUND(N109*I109,2) -> 0 | P109: 1 | Q109: 1 | R109: 1 | S109: 1 | T109: 1 | U109: 1 | V109: 175.56 | W109: =ROUND(V109*I109,2) -> 1674.84 | X109: 0 | Y109: =Z109*B109 -> 3 | Z109: 3 | AA109: =ROUND(M109-K109,2) -> 1674.84 | AB109: =ROUND(IF(J109=0,1,L109/J109),3) -> 1 | AD109: м2 | AE109: 0 | AF109: 0 | AG109: =AF109*B109 -> 0
A110: 17 | B110: 1 | C110: =D110*B110 -> 3 | D110: 3 | F110: 1.1-1-389 | G110: Клей на основе акриловой дисперсии, АДМ-К | H110: т | I110: 0.000489 | J110: 0 | K110: =ROUND(J110*I110,2) -> 0 | L110: 43326.77 | M110: =ROUND(L110*I110,2) -> 21.19 | N110: 0 | O110: =ROUND(N110*I110,2) -> 0 | P110: 1 | Q110: 1 | R110: 1 | S110: 1 | T110: 1 | U110: 1 | V110: 43326.77 | W110: =ROUND(V110*I110,2) -> 21.19 | X110: 0 | Y110: =Z110*B110 -> 3 | Z110: 3 | AA110: =ROUND(M110-K110,2) -> 21.19 | AB110: =ROUND(IF(J110=0,1,L110/J110),3) -> 1 | AD110: т | AE110: 0 | AF110: 0 | AG110: =AF110*B110 -> 0
A111: 17 | B111: 1 | C111: =D111*B111 -> 3 | D111: 3 | F111: 1.1-1-463 | G111: Краски масляные жидкотертые цветные (готовые к употреблению) для наружных и внутренних работ, марка МА-25 | H111: т | I111: 2.2e-05 | J111: 0 | K111: =ROUND(J111*I111,2) -> 0 | L111: 32008.27 | M111: =ROUND(L111*I111,2) -> 0.7 | N111: 0 | O111: =ROUND(N111*I111,2) -> 0 | P111: 1 | Q111: 1 | R111: 1 | S111: 1 | T111: 1 | U111: 1 | V111: 32008.27 | W111: =ROUND(V111*I111,2) -> 0.7 | X111: 0 | Y111: =Z111*B111 -> 3 | Z111: 3 | AA111: =ROUND(M111-K111,2) -> 0.7 | AB111: =ROUND(IF(J111=0,1,L111/J111),3) -> 1 | AD111: т | AE111: 0 | AF111: 0 | AG111: =AF111*B111 -> 0
A112: 17 | B112: 1 | C112: =D112*B112 -> 3 | D112: 3 | F112: 1.1-1-58 | G112: Болты строительные с гайками оцинкованные (10х100 мм) | H112: т | I112: 0.00192 | J112: 0 | K112: =ROUND(J112*I112,2) -> 0 | L112: 24618.39 | M112: =ROUND(L112*I112,2) -> 47.27 | N112: 0 | O112: =ROUND(N112*I112,2) -> 0 | P112: 1 | Q112: 1 | R112: 1 | S112: 1 | T112: 1 | U112: 1 | V112: 24618.39 | W112: =ROUND(V112*I112,2) -> 47.27 | X112: 0 | Y112: =Z112*B112 -> 3 | Z112: 3 | AA112: =ROUND(M112-K112,2) -> 47.27 | AB112: =ROUND(IF(J112=0,1,L112/J112),3) -> 1 | AD112: т | AE112: 0 | AF112: 0 | AG112: =AF112*B112 -> 0
A113: 17 | B113: 1 | C113: =D113*B113 -> 3 | D113: 3 | F113: 1.1-1-733 | G113: Олифа для окраски натуральная | H113: кг | I113: 0.008343 | J113: 0 | K113: =ROUND(J113*I113,2) -> 0 | L113: 20.19 | M113: =ROUND(L113*I113,2) -> 0.17 | N113: 0 | O113: =ROUND(N113*I113,2) -> 0 | P113: 1 | Q113: 1 | R113: 1 | S113: 1 | T113: 1 | U113: 1 | V113: 20.19 | W113: =ROUND(V113*I113,2) -> 0.17 | X113: 0 | Y113: =Z113*B113 -> 3 | Z113: 3 | AA113: =ROUND(M113-K113,2) -> 0.17 | AB113: =ROUND(IF(J113=0,1,L113/J113),3) -> 1 | AD113: кг | AE113: 0 | AF113: 0 | AG113: =AF113*B113 -> 0
A114: 17 | B114: 1 | C114: =D114*B114 -> 3 | D114: 3 | F114: 9999990006 | G114: Стоимость прочих материалов (ЭСН) | H114: руб. | I114: 0.105827 | J114: 1 | K114: =ROUND(J114*I114,2) -> 0.11 | L114: 1 | M114: =ROUND(L114*I114,2) -> 0.11 | N114: 0 | O114: =ROUND(N114*I114,2) -> 0 | P114: 1 | Q114: 1 | R114: 1 | S114: 1 | T114: 1 | U114: 1 | V114: 1 | W114: =ROUND(V114*I114,2) -> 0.11 | X114: 0 | Y114: =Z114*B114 -> 3 | Z114: 3 | AA114: =ROUND(M114-K114,2) -> 0 | AB114: =ROUND(IF(J114=0,1,L114/J114),3) -> 1 | AD114: руб. | AE114: 0 | AF114: 0 | AG114: =AF114*B114 -> 0
A115: 17 | B115: 1 | C115: =D115*B115 -> 3 | D115: 3 | F115: ц. пост. | G115: Трёхсекционный вертикальный уличный стенд 1885х1350 мм с опорным поручнем | H115: шт. | I115: 2 | J115: 0 | K115: =ROUND(J115*I115,2) -> 0 | L115: 7517.01 | M115: =ROUND(L115*I115,2) -> 15034.02 | N115: 0 | O115: =ROUND(N115*I115,2) -> 0 | P115: 1 | Q115: 1 | R115: 1 | S115: 1 | T115: 1 | U115: 1 | V115: 7517.01 | W115: =ROUND(V115*I115,2) -> 15034.02 | X115: 0 | Y115: =Z115*B115 -> 3 | Z115: 3 | AA115: =ROUND(M115-K115,2) -> 15034.02 | AB115: =ROUND(IF(J115=0,1,L115/J115),3) -> 1 | AD115: шт. | AE115: 0 | AF115: 0 | AG115: =AF115*B115 -> 0
A116: 17 | B116: 1 | C116: =D116*B116 -> 3 | D116: 3 | F116: ц. пост. | G116: MP-920W7 Комплект радиовызова (Комплект состоит из радиокнопки вызова MP-413W7 (далее радиокнопка), выполненной в корпусе из ударопрочного пластика, с пиктограммой «Инвалид», 4-х канального приемника MP-821W2, сигнальной лампы MP-611W1 и блока питания с адаптером-блоком защиты) | H116: шт. | I116: 1 | J116: 0 | K116: =ROUND(J116*I116,2) -> 0 | L116: 1657.85 | M116: =ROUND(L116*I116,2) -> 1657.85 | N116: 0 | O116: =ROUND(N116*I116,2) -> 0 | P116: 1 | Q116: 1 | R116: 1 | S116: 1 | T116: 1 | U116: 1 | V116: 1657.85 | W116: =ROUND(V116*I116,2) -> 1657.85 | X116: 0 | Y116: =Z116*B116 -> 3 | Z116: 3 | AA116: =ROUND(M116-K116,2) -> 1657.85 | AB116: =ROUND(IF(J116=0,1,L116/J116),3) -> 1 | AD116: шт. | AE116: 3 | AF116: 1 | AG116: =AF116*B116 -> 1
A117: 17 | B117: 1 | C117: =D117*B117 -> 3 | D117: 3 | F117: ц. пост. | G117: Тактильная табличка Брайлем (монохром) на ПВХ 3 мм. Размер 50 х 270 м | H117: шт. | I117: 6 | J117: 0 | K117: =ROUND(J117*I117,2) -> 0 | L117: 42.75 | M117: =ROUND(L117*I117,2) -> 256.5 | N117: 0 | O117: =ROUND(N117*I117,2) -> 0 | P117: 1 | Q117: 1 | R117: 1 | S117: 1 | T117: 1 | U117: 1 | V117: 42.75 | W117: =ROUND(V117*I117,2) -> 256.5 | X117: 0 | Y117: =Z117*B117 -> 3 | Z117: 3 | AA117: =ROUND(M117-K117,2) -> 256.5 | AB117: =ROUND(IF(J117=0,1,L117/J117),3) -> 1 | AD117: шт. | AE117: 0 | AF117: 0 | AG117: =AF117*B117 -> 0
A119: 4 | B119: 1 | F119: Отопление и вентиляция | G119: Отопление и вентиляция | I119: 0 | K119: 0 | S119: 0 | V119: 0 | BX119: 0 | CJ119: 0
A121: 17 | B121: 1 | C121: =D121*B121 -> 3 | D121: 3 | F121: 1.1-1-2426 | G121: Кабель-каналы, размер 20х12,5 мм, кабель-каналы | H121: м | I121: 40 | J121: 0 | K121: =ROUND(J121*I121,2) -> 0 | L121: 7.28 | M121: =ROUND(L121*I121,2) -> 291.2 | N121: 0 | O121: =ROUND(N121*I121,2) -> 0 | P121: 1 | Q121: 1 | R121: 1 | S121: 1 | T121: 1 | U121: 1 | V121: 7.28 | W121: =ROUND(V121*I121,2) -> 291.2 | X121: 0 | Y121: =Z121*B121 -> 3 | Z121: 3 | AA121: =ROUND(M121-K121,2) -> 291.2 | AB121: =ROUND(IF(J121=0,1,L121/J121),3) -> 1 | AD121: м | AE121: 0 | AF121: 0 | AG121: =AF121*B121 -> 0
A122: 17 | B122: 1 | C122: =D122*B122 -> 3 | D122: 3 | F122: 1.21-5-34 | G122: Выключатели автоматические однополюсные, на ток до 25 А, тип АЕ-1031-1У4 | H122: шт. | I122: 2 | J122: 0 | K122: =ROUND(J122*I122,2) -> 0 | L122: 36.77 | M122: =ROUND(L122*I122,2) -> 73.54 | N122: 0 | O122: =ROUND(N122*I122,2) -> 0 | P122: 1 | Q122: 1 | R122: 1 | S122: 1 | T122: 1 | U122: 1 | V122: 36.77 | W122: =ROUND(V122*I122,2) -> 73.54 | X122: 0 | Y122: =Z122*B122 -> 3 | Z122: 3 | AA122: =ROUND(M122-K122,2) -> 73.54 | AB122: =ROUND(IF(J122=0,1,L122/J122),3) -> 1 | AD122: шт. | AE122: 0 | AF122: 0 | AG122: =AF122*B122 -> 0
A123: 17 | B123: 1 | C123: =D123*B123 -> 3 | D123: 3 | F123: 1.23-8-410 | G123: Кабели силовые с медными жилами, напряжение 660 В, марка ВВГнг(А)-LS, число жил и сечение 5х6 мм2 | H123: км | I123: 0.0408 | J123: 0 | K123: =ROUND(J123*I123,2) -> 0 | L123: 35059.26 | M123: =ROUND(L123*I123,2) -> 1430.42 | N123: 0 | O123: =ROUND(N123*I123,2) -> 0 | P123: 1 | Q123: 1 | R123: 1 | S123: 1 | T123: 1 | U123: 1 | V123: 35059.26 | W123: =ROUND(V123*I123,2) -> 1430.42 | X123: 0 | Y123: =Z123*B123 -> 3 | Z123: 3 | AA123: =ROUND(M123-K123,2) -> 1430.42 | AB123: =ROUND(IF(J123=0,1,L123/J123),3) -> 1 | AD123: км | AE123: 0 | AF123: 0 | AG123: =AF123*B123 -> 0
A124: 17 | B124: 1 | C124: =D124*B124 -> 3 | D124: 3 | F124: 9999990006 | G124: Стоимость прочих материалов (ЭСН) | H124: руб. | I124: 105.6 | J124: 1 | K124: =ROUND(J124*I124,2) -> 105.6 | L124: 1 | M124: =ROUND(L124*I124,2) -> 105.6 | N124: 0 | O124: =ROUND(N124*I124,2) -> 0 | P124: 1 | Q124: 1 | R124: 1 | S124: 1 | T124: 1 | U124: 1 | V124: 1 | W124: =ROUND(V124*I124,2) -> 105.6 | X124: 0 | Y124: =Z124*B124 -> 3 | Z124: 3 | AA124: =ROUND(M124-K124,2) -> 0 | AB124: =ROUND(IF(J124=0,1,L124/J124),3) -> 1 | AD124: руб. | AE124: 0 | AF124: 0 | AG124: =AF124*B124 -> 0
A125: 17 | B125: 1 | C125: =D125*B125 -> 3 | D125: 3 | F125: ц. пост. | G125: Тепломаш КЭВ-12П2022Е | H125: шт. | I125: 2 | J125: 0 | K125: =ROUND(J125*I125,2) -> 0 | L125: 4927.89 | M125: =ROUND(L125*I125,2) -> 9855.78 | N125: 0 | O125: =ROUND(N125*I125,2) -> 0 | P125: 1 | Q125: 1 | R125: 1 | S125: 1 | T125: 1 | U125: 1 | V125: 4927.89 | W125: =ROUND(V125*I125,2) -> 9855.78 | X125: 0 | Y125: =Z125*B125 -> 3 | Z125: 3 | AA125: =ROUND(M125-K125,2) -> 9855.78 | AB125: =ROUND(IF(J125=0,1,L125/J125),3) -> 1 | AD125: шт. | AE125: 3 | AF125: 1 | AG125: =AF125*B125 -> 1
A127: 4 | B127: 1 | F127: Электромонтажные работы | G127: Электромонтажные работы | I127: 0 | K127: 0 | S127: 0 | V127: 0 | BX127: 0 | CJ127: 0
A129: 17 | B129: 1 | C129: =D129*B129 -> 3 | D129: 3 | F129: 1.21-5-436 | G129: Рукава металлические из стальной оцинкованной ленты, негерметичные, простого профиля, марка РЗ-ЦХ, диаметр условный 22 мм | H129: м | I129: 15 | J129: 0 | K129: =ROUND(J129*I129,2) -> 0 | L129: 14.73 | M129: =ROUND(L129*I129,2) -> 220.95 | N129: 0 | O129: =ROUND(N129*I129,2) -> 0 | P129: 1 | Q129: 1 | R129: 1 | S129: 1 | T129: 1 | U129: 1 | V129: 14.73 | W129: =ROUND(V129*I129,2) -> 220.95 | X129: 0 | Y129: =Z129*B129 -> 3 | Z129: 3 | AA129: =ROUND(M129-K129,2) -> 220.95 | AB129: =ROUND(IF(J129=0,1,L129/J129),3) -> 1 | AD129: м | AE129: 0 | AF129: 0 | AG129: =AF129*B129 -> 0
A130: 17 | B130: 1 | C130: =D130*B130 -> 3 | D130: 3 | F130: 1.21-5-67 | G130: ВЫКЛЮЧАТЕЛИ ДВУХКЛАВИШНЫЕ ДЛЯ СКРЫТОЙ УСТАНОВКИ 'ЛЕТЕН' | H130: шт. | I130: 2 | J130: 0 | K130: =ROUND(J130*I130,2) -> 0 | L130: 5.43 | M130: =ROUND(L130*I130,2) -> 10.86 | N130: 0 | O130: =ROUND(N130*I130,2) -> 0 | P130: 1 | Q130: 1 | R130: 1 | S130: 1 | T130: 1 | U130: 1 | V130: 5.43 | W130: =ROUND(V130*I130,2) -> 10.86 | X130: 0 | Y130: =Z130*B130 -> 3 | Z130: 3 | AA130: =ROUND(M130-K130,2) -> 10.86 | AB130: =ROUND(IF(J130=0,1,L130/J130),3) -> 1 | AD130: шт. | AE130: 0 | AF130: 0 | AG130: =AF130*B130 -> 0
A131: 17 | B131: 1 | C131: =D131*B131 -> 3 | D131: 3 | F131: 1.22-4-15 | G131: Указатели световые светодиодные, степень защиты IP20, тип ДБО 02-1-006, с аккумулятором | H131: шт. | I131: 2 | J131: 0 | K131: =ROUND(J131*I131,2) -> 0 | L131: 347.2 | M131: =ROUND(L131*I131,2) -> 694.4 | N131: 0 | O131: =ROUND(N131*I131,2) -> 0 | P131: 1 | Q131: 1 | R131: 1 | S131: 1 | T131: 1 | U131: 1 | V131: 347.2 | W131: =ROUND(V131*I131,2) -> 694.4 | X131: 0 | Y131: =Z131*B131 -> 3 | Z131: 3 | AA131: =ROUND(M131-K131,2) -> 694.4 | AB131: =ROUND(IF(J131=0,1,L131/J131),3) -> 1 | AD131: шт. | AE131: 0 | AF131: 0 | AG131: =AF131*B131 -> 0
A132: 17 | B132: 1 | C132: =D132*B132 -> 3 | D132: 3 | F132: 1.23-8-389 | G132: Кабели силовые с медными жилами, напряжение 660 В, марка ВВГнг(А)-LS, число жил и сечение 3х1,5 мм2 | H132: км | I132: 0.0153 | J132: 0 | K132: =ROUND(J132*I132,2) -> 0 | L132: 6747.27 | M132: =ROUND(L132*I132,2) -> 103.23 | N132: 0 | O132: =ROUND(N132*I132,2) -> 0 | P132: 1 | Q132: 1 | R132: 1 | S132: 1 | T132: 1 | U132: 1 | V132: 6747.27 | W132: =ROUND(V132*I132,2) -> 103.23 | X132: 0 | Y132: =Z132*B132 -> 3 | Z132: 3 | AA132: =ROUND(M132-K132,2) -> 103.23 | AB132: =ROUND(IF(J132=0,1,L132/J132),3) -> 1 | AD132: км | AE132: 0 | AF132: 0 | AG132: =AF132*B132 -> 0
A135: 50 | B135: =IF(F135=0,0,1) -> 1 | C135: 0 | D135: -103 | F135: 112.23 | G135: Мат | H135: Всего материалов
A136: 50 | B136: =IF(F136=0,0,1) -> 1 | C136: 0 | D136: -113 | F136: 339594.21 | G136: 1Мат | H136: Всего материалов - Сметные
A137: 50 | B137: =IF(F137=0,0,1) -> 1 | C137: 0 | D137: -115 | F137: 80125.52 | G137: 1Оборуд | H137: Всего стоимость оборудования - Сметные
A138: 50 | B138: =IF(F138=0,0,1) -> 0 | C138: 0 | D138: -123 | F138: 0 | G138: 2Мат | H138: Всего материалов - Текущие
...
